 Dungeon Crawl Stone Soup version 0.30-a0-140-gd1020e658a (webtiles) character file.

Game seed: 837904569488076425

416658 qw the Impregnable (level 23, -21/156 HPs)
             Began as a Gargoyle Fighter on Sept 24, 2022.
             Was a High Priest of Okawaru.
             Killed from afar by a tengu reaver (54 damage)
             ... with a bolt of acid
             ... on level 5 of the Vaults.
             The game lasted 00:39:34 (55256 turns).

qw the Impregnable (Gargoyle Fighter)              Turns: 55256, Time: 00:39:35

Health: -21/156    AC: 54    Str: 36    XL:     23   Next: 62%
Magic:  9/30       EV: 23    Int: 11    God:    Okawaru [*****.]
Gold:   2087       SH: 28    Dex: 23    Spells: 22/22 levels left

rFire   + + .      SeeInvis +    q - +3 broad axe (vamp)
rCold   + . .      Faith    .    E - +2 tower shield
rNeg    + + +      Spirit   .    K - +0 gold dragon scales
rPois   inf        Reflect  .    u - +1 helmet of Patience {rN+ Regen+ Dex+4}
rElec   +          Harm     .    x - +1 cloak {Will+}
rCorr   .          Rampage  .    r - +2 pair of gloves {Dex+3}
Will    +++..                    l - +2 pair of boots
Stlth   ..........               C - amulet of regeneration
HPRegen 1.96/turn                j - ring "Xuerymoi" {Fly rF+ Will+ Str+7 Stlth+}
MPRegen 0.22/turn                D - ring "Focyr" {Contam rN+ EV+4 Dex+7 SInv}

@: about to teleport, heroic, corroded, flying, glowing
A: sickness immunity, AC +17, big wings, negative energy resistance 1,
electricity resistance, torment resistance 1, petrification resistance
}: 2/15 runes: decaying, gossamer
a: Renounce Religion, Heroism, Finesse, Duel


You were on level 5 of the Vaults.
You worshipped Okawaru.
Okawaru was extremely pleased with you.
You visited 8 branches of the dungeon, and saw 40 of its levels.

You collected 7760 gold pieces.
You spent 5673 gold pieces at shops.


Innate Abilities, Weirdness & Mutations

You are immune to sickness and miasma.
Your stone body is resilient. (AC +17)
You are immune to poison.
Your large and strong wings let you fly.
You resist negative energy. (rN+)
You are resistant to electric shocks. (rElec)
You are resistant to unholy torment.
You are immune to petrification.


   Skills:
 - Level 20.0(25.0) Fighting
 - Level 18.0(23.0) Axes
 - Level 11.2(16.2) Throwing
 + Level 21.4(26.4) Armour
 - Level 11.0(16.0) Dodging
 - Level 20.5(25.5) Shields
 - Level 10.1 Invocations


You had 22 spell levels left.
You didn't know any spells.
Your spell library was empty.

Inventory:

Hand Weapons
 q - a +3 vampiric broad axe (weapon)
 Y - a +6 broad axe of freezing
Missiles
 a - 2 silver javelins
 m - 12 boomerangs
 A - 2 javelins (quivered)
 I - 2 silver boomerangs
Armour
 l - a +2 pair of boots (worn)
 r - a +2 pair of gloves of dexterity (worn)
 u - the +1 helmet of Patience (worn) {rN+ Regen+ Dex+4}
   (Okawaru gifted it to you on level 1 of the Vaults)

   Dex:       It affects your dexterity (+4).
   rN:        It protects you from negative energy.
   Regen:     It increases your rate of health regeneration.
 x - a +1 cloak of willpower (worn)
 E - a +2 tower shield (worn)
 F - the +2 hat "Ezimaet" {Rampage rC+ rN+}
   (You found it on level 4 of the Spider Nest)

   rC:        It protects you from cold.
   rN:        It protects you from negative energy.
   Rampage:   It bestows one free step when moving towards enemies.
 K - +0 gold dragon scales (worn)
 L - a +3 plate armour
Jewellery
 c - the ring of Janweor {+Blink rF+ Str+4 Int+3 Slay+4}
   (You took it off an ironbound preserver on level 4 of the Vaults)

   [ring of slaying]

   Str:       It affects your strength (+4).
   Int:       It affects your intelligence (+3).
   Slay:      It affects your accuracy & damage with ranged weapons and melee
   (+4).
   rF:        It protects you from fire.
   +Blink:    It lets you blink.
 j - the ring "Xuerymoi" (left hand) {Fly rF+ Will+ Str+7 Stlth+}
   (You acquired it on level 5 of the Lair of Beasts)

   [ring of willpower]

   Str:       It affects your strength (+7).
   rF:        It protects you from fire.
   Fly:       It grants you flight.
   Will:      It increases your willpower.
   Stlth:     It makes you more stealthy.
 B - the ring "Orhafres" {rF+ Will+ rCorr}
   (You took it off a tengu reaver on level 1 of the Depths)

   [ring of resist corrosion]

   rF:        It protects you from fire.
   rCorr:     It protects you from acid and corrosion.
   Will:      It increases your willpower.
 C - an amulet of regeneration (around neck)
 D - the ring "Focyr" (right hand) {Contam rN+ EV+4 Dex+7 SInv}
   (You bought it in a shop on level 14 of the Dungeon)

   [ring of evasion]

   EV:        It affects your evasion (+4).
   Dex:       It affects your dexterity (+7).
   rN:        It protects you from negative energy.
   SInv:      It lets you see invisible.
   Contam:    It causes magical contamination when unequipped.
 H - the ring "Ishruefa" {rF+++ rCorr MP+9 Dex+5 Slay-4}
   (You bought it in a shop on level 4 of the Depths)

   [ring of magical power]

   Dex:       It affects your dexterity (+5).
   Slay:      It affects your accuracy & damage with ranged weapons and melee
   (-4).
   rF:        It renders you almost immune to fire.
   MP:        It affects your magic capacity (+9).
   rCorr:     It protects you from acid and corrosion.
 J - the ring of New Discoveries {Wiz rCorr Str+2}
   (You bought it in a shop on level 4 of the Depths)

   [ring of wizardry]

   It improves your spell success rate.
   Str:       It affects your strength (+2).
   rCorr:     It protects you from acid and corrosion.
Scrolls
 s - 30 scrolls of identify
 t - 2 scrolls of brand weapon
Potions
 b - 25 potions of curing
 d - 5 potions of might
 e - 6 potions of haste
 f - 6 potions of heal wounds
 g - 6 potions of magic
 h - 6 potions of cancellation
 i - 6 potions of attraction
 k - 5 potions of mutation
 p - 7 potions of lignification
 G - 2 potions of resistance

Dungeon Overview and Level Annotations

Branches:
Dungeon (15/15)            Temple (1/1) D:7            Lair (5/5) D:11
  Swamp (4/4) Lair:2       Spider (4/4) Lair:3        Slime (0/5) Lair:4
    Orc (2/2) D:9             Elf (0/3) Orc:2        Vaults (5/5) D:13
  Crypt (0/3) Vaults:3     Depths (4/4) D:15            Zot (0/5) Depths:4

Altars:
Ashenzari
Cheibriados
Dithmenos
Elyvilon
Fedhas
Gozag
Hepliaklqana
Kikubaaqudgha
Makhleb
Nemelex Xobeh
Okawaru
Qazlal
Ru
Sif Muna
Trog
Uskayaw
Vehumet
Wu Jian
Xom
Yredelemnul
Zin
The Shining One
Jiyva

Shops:
D:13 *   D:14 =:*   Orc:2 [[:!   Vaults:1 (!   Vaults:3 *   Vaults:4 *[*
Depths:4 *=:=

Portals:
Hell: Depths:1 Depths:2 Depths:3 Depths:4
Abyss: Depths:1 Depths:2 Depths:3
Pandemonium: Depths:2
Ziggurat: Depths:1
Trove: Vaults:3 (give 18 potions of curing)

Annotations:
D:6 1 runed translucent door, Crazy Yiuf
D:11 2 transporters
D:15 1 runed translucent door, Gosau's ghost, journeyman DsGl
Swamp:4 1 runed translucent door, Piask's ghost, adept FoAK
Orc:2 2 transporters, Keeluq's ghost, journeyman GrEE
Vaults:2 1 transporter
Vaults:5 Mennas
Depths:3 2 transporters, Parghit; Qiwept's ghost, veteran BaIE


Message History

You hit the iron dragon but do no damage.
The tengu reaver seems less brilliant.
The ettin no longer looks unusually strong.
Mennas becomes audible again.
Mennas seems less brilliant.
You block Mennas's attack. Mennas hits you but does no damage.
The iron dragon breathes metal splinters at you.
The spray of metal splinters hits you but does no damage.
The tengu reaver casts a spell at you.
The bolt of negative energy hits you but does no damage.
You resist. You block the shadow dragon's attack.
The shadow dragon claws you but does no damage.
You block the shadow dragon's attack. You block the vault warden's attack.
You hear a screech!
You hear a shout!
A fire giant comes into view.
It is wielding a +0 great sword of flaming.
55255 ||| INVOKING Heroism.
You gain the combat prowess of a mighty hero.
The vault sentinel no longer looks unusually strong.
Mennas gestures frantically.
Mennas is healed somewhat.
The boulder beetle curls into a ball and begins rolling!
The tengu reaver casts a spell at you. The bolt of acid hits you!!!
The acid corrodes you! You block the iron dragon's attack. x2
The iron dragon tramples you but does no damage.
Mennas gestures frantically.
Mennas is healed somewhat.
The shadow dragon bites you but does no damage.
You block the shadow dragon's attack.
The shadow dragon claws you but does no damage.
You block the vault warden's attack.
A golden dragon comes into view.
The hell knight utters an invocation to its god.
The hell knight blinks!
55256 ||| READING scroll of teleportation.
As you read the scroll of teleportation, it crumbles to dust.
You feel strangely unstable. You block Mennas's attack.
Mennas hits you but does no damage. The tengu reaver casts a spell at you.
The bolt of acid hits you!!!
You die...

#... #....# ....
#..........#
......#....0.#.[..# #
.....#.....B......#.###
...#....k.............
####.#..##T#TZ[.[....###
.........eQpp.ZD<<......
........DADZpJD<(¤¤.....
........@DCpHpObp<.p2...
.........QpDpepC.O)c1...
#############Tcc)p.LZ###
....Q.)CZY.CeO#
....Oc#)ZZ.#Q#..
####hZ#cZ..##s#. ..
#O...# .. #....# ##
#....#


You could see Mennas, 3 shadow dragons, an iron dragon, a golden dragon, a
caustic shrike (wandering), a fire giant (empowered), a fire dragon shaped
shifter, a sphinx (empowered), 2 vault wardens, 2 tengu reavers, a yaktaur
captain, a death drake, a boulder beetle shaped shifter (rolling), 3 vault
guards, 2 deep elf death magi, 2 ettins, a hell knight (fast), a slime creature
shaped shifter, an ogre mage (invisible), 3 deep trolls, a vault sentinel
(empowered), an ironbound convoker (empowered), a yaktaur, an ironbound convoker
simulacrum (strong), an ironbound preserver simulacrum and a tengu reaver
simulacrum.

Vanquished Creatures
  2 dread liches (Vaults:5)
  A juggernaut (Depths:4)
  Sojobo (Vaults:2)
  Nikola (Spider:4)
  Arachne (Spider:4)
  4 golden dragons
  2 walking earthen tomes (Depths:4)
  11 tentacled monstrosities
  Rupert (Lair:4)
  A lich (Depths:1)
  A titan (Vaults:5)
  A quicksilver dragon (Depths:1)
  11 sphinxes
  A thorn hunter (Swamp:2)
  Gastronok (D:12)
  6 shadow dragons
  4 storm dragons
  9 tengu reavers
  A fenstrider witch (Swamp:4)
  5 iron dragons
  4 fire giants
  An azure jelly (Swamp:4)
  Aizul (Spider:4)
  17 vault wardens
  Louise (Swamp:1)
  5 ghost moths
  10 emperor scorpions
  An orc warlord (Vaults:3)
  A draconian scorcher (Depths:4)
  5 frost giants
  A draconian stormcaller (Depths:4)
  4 broodmothers
  7 war gargoyles
  21 ironbound preservers
  20 very ugly things
  2 eleionomae (Swamp:3)
  7 ironbound thunderhulks
  2 vampire knights
  11 stone giants
  A bunyip (shapeshifter) (D:15)
  2 red draconians (Depths:4)
  A deep elf demonologist (Vaults:3)
  5 spark wasps
  A yellow draconian (Depths:4)
  10 ettins
  3 bunyips
  A green death (Depths:2)
  A deep elf death mage (Vaults:5)
  A blizzard demon (Depths:3)
  Snorg (Lair:4)
  A deep elf high priest (Vaults:5)
  A crystal guardian (Vaults:4)
  7 fire dragons
  6 entropy weavers
  11 yaktaur captains
  6 great orbs of eyes
  Harold (Orc:1)
  3 rakshasas
  33 vault guards
  9 ice dragons
  3 ghost crabs
  12 hydras
  3 jorogumos
  3 peacekeepers
  Fannar (D:10)
  6 spriggan air magi
  2 hell beasts (Depths:3)
  3 radroaches
  13 alligators
  11 ironbound frosthearts
  3 ogre magi
  An anaconda (Lair:5)
  A death knight (D:14)
  13 two-headed ogres
  6 boulder beetles
  5 centaur warriors
  A hell hog (Depths:4)
  3 deep troll shamans
  4 deep troll earth magi
  9 death yaks
  An orc high priest (Orc:2)
  6 spriggan berserkers
  Urug (D:12)
  3 tengu warriors
  A shock serpent (shapeshifter) (Depths:4)
  9 hell knights
  4 soul eaters
  11 spriggans
  Sonja (D:11)
  4 sun demons
  7 skeletal warriors
  2 salamander mystics
  3 goliath frogs
  Lodul (D:11)
  9 orb spiders
  7 pharaoh ants
  A glowing orange brain (Depths:2)
  A sea snake (shapeshifter) (Depths:3)
  4 spriggan druids
  42 deep trolls
  5 steelbarb worms
  2 sun moths (Spider:4)
  5 swamp dragons
  2 flayed ghosts
  2 bog bodies
  5 lindwurms
  3 iron trolls
  18 ironbound convokers
  10 wizards
  3 deep elf pyromancers
  4 harpies (Vaults:2)
  4 phantasmal warriors
  3 necromancers
  10 orc knights
  55 ugly things
  2 orc sorcerers (Orc:2)
  29 wolf spiders
  4 will-o-the-wisps
  3 cyclopes
  3 manticores
  4 moths of wrath
  Maurice (D:11)
  9 elephants
  5 salamanders
  2 black mambas (Lair:5)
  2 rust devils
  6 smoke demons
  Maggie (D:6)
  8 cane toads
  9 torpor snails
  2 gargoyles
  An unseen horror (Depths:2)
  3 rime drakes
  20 vault sentinels
  30 yaktaurs
  4 tengu conjurers
  3 efreet
  An ice devil (Depths:2)
  5 komodo dragons
  4 demonic crawlers
  7 freezing wraiths
  2 guardian mummies (Vaults:3)
  A troll (shapeshifter) (Depths:3)
  9 meliai (Spider:4)
  7 trolls
  12 polar bears
  16 hornets
  3 bloated husks
  2 raiju (Lair:5)
  13 saltlings (Orc:2)
  25 tarantellas
  A raiju (shapeshifter) (Depths:3)
  10 blink frogs
  4 tyrant leeches
  A hornet (shapeshifter) (Vaults:5)
  36 slime creatures
  A wolf spider simulacrum (D:14)
  A jumping spider (shapeshifter) (Depths:2)
  24 jumping spiders
  8 small abominations (Depths:2)
  16 dream sheep
  4 large abominations (Depths:2)
  18 culicivoras
  A shadow (D:5)
  4 wyverns
  A spriggan (shapeshifter) (D:13)
  30 yaks
  7 vampires
  3 wraiths
  A basilisk (shapeshifter) (D:13)
  4 basilisks
  A water elemental (Depths:4)
  4 steam dragons
  2 chaos spawn (Depths:2)
  A redback (shapeshifter) (Depths:3)
  5 swamp worm simulacra (Swamp:4)
  12 vampire mosquitoes
  55 redbacks
  Menkaure (D:6)
  15 swamp worms
  7 wargs
  10 water moccasins
  15 hell hounds (Lair:5)
  An acid dragon (D:14)
  14 hydra simulacra (Swamp:4)
  A floating eye (Depths:3)
  2 swamp drakes
  12 black bears
  15 orc warriors
  2 ice beasts
  A black bear (shapeshifter) (Vaults:5)
  9 centaurs
  3 boggarts (D:15)
  18 ogres
  26 wolves
  A phantom (D:5)
  Blork the orc (D:6)
  18 bullfrogs
  12 kobold brigands
  4 gnoll sergeants
  A necrophage (D:2)
  4 scorpions
  18 wights
  7 killer bees
  2 howler monkeys (D:8)
  8 electric eels
  10 orc priests
  9 jellies
  4 hounds
  7 iguanas
  Jessica (D:3)
  17 orc wizards
  A statue (D:9)
  13 gnolls
  2 adders
  3 shadow imps
  2 white imps
  3 swamp drake simulacra (Swamp:4)
  2 ufetubi
  3 worms
  2 dart slugs
  45 orcs
  8 endoplasms
  A giant cockroach (D:1)
  12 goblins
  9 hobgoblins
  6 jackals
  2 quokkas (D:2)
  4 ball pythons
  3 bats
  2 frilled lizards
  28 kobolds
  4 rats
  2 bushes
  A pillar of salt (Orc:2)
1590 creatures vanquished.

Vanquished Creatures (others)
  A fire giant (Depths:1)
  An entropy weaver (Spider:4)
  2 shambling mangroves
  2 tyrant leeches (Swamp:4)
  A bloated husk (Swamp:1)
  3 hornets (Swamp:4)
  2 jumping spiders (Spider:4)
  A spriggan (Swamp:4)
  2 redbacks (Spider:4)
  A howler monkey (D:9)
  An orc wizard (D:9)
  6 bushes
  37 foxfires
  32 fungi
  A pillar of salt (Orc:2)
  62 plants
155 creatures vanquished.

Grand Total: 1745 creatures vanquished

Notes
Turn   | Place    | Note
-------+----------+-------------------------------------------
     0 | D:1      | qw the Gargoyle Fighter began the quest for the Orb.
     0 | D:1      | Reached XP level 1. HP: 14/14 MP: 1/1
     0 | D:1      | 0 ||| qw: Version: 0.1.0-9-gbc19398
     0 | D:1      | 0 ||| qw: Game counter: 9
     0 | D:1      | 0 ||| qw: Always use a shield: true
     0 | D:1      | 0 ||| qw: God list: Okawaru
     0 | D:1      | 0 ||| qw: Allow faded altars: false
     0 | D:1      | 0 ||| qw: Do Orc after D:15 true
     0 | D:1      | 0 ||| qw: Do second Lair branch before Depths: true
     0 | D:1      | 0 ||| qw: Lair rune preference: random
     0 | D:1      | 0 ||| qw: Plans: Normal, Zot:1-4, God:TSO, Crypt, Tomb,
                  | Pan, Slime:5, Hells, Abyss, Orb
     0 | D:1      | 0 ||| PLANNING D:1-11
   327 | D:1      | Reached XP level 2. HP: 18/19 MP: 2/2
  1017 | D:1      | 1017 ||| READING scroll labelled ECOUN UROX.
  1018 | D:1      | 1018 ||| READING scroll labelled WOWASK NODEXZEO.
  1120 | D:2      | Reached skill level 3 in Axes
  1176 | D:2      | Reached XP level 3. HP: 18/23 MP: 3/3
  1800 | D:2      | 1800 ||| Stepping ~*~*~tactically~*~*~ (stealth).
  1801 | D:2      | 1801 ||| Stepping ~*~*~tactically~*~*~ (stealth).
  2027 | D:2      | Noticed a necrophage
  2028 | D:2      | 2028 ||| Stepping ~*~*~tactically~*~*~ (stealth).
  2037 | D:2      | Killed a necrophage
  2038 | D:2      | Reached XP level 4. HP: 28/28 MP: 4/4
  2150 | D:2      | 2150 ||| UPGRADING to +0 cloak.
  2155 | D:2      | 2155 ||| UPGRADING to +0 pair of boots.
  2160 | D:2      | 2160 ||| READING scroll labelled MENKUY ESTRU.
  2161 | D:2      | 2161 ||| READING scroll labelled XOSTRA TELOTZ.
  2162 | D:2      | 2162 ||| READING scroll labelled UMOG ED DYIMMI.
  2163 | D:2      | 2163 ||| READING scroll labelled KUEMUMETHOTA.
  2215 | D:2      | 2215 ||| READING 2 scrolls labelled NUKEOQO BENA.
  2219 | D:2      | 2219 ||| READING scroll labelled FYECZE YCWANO.
  2220 | D:2      | 2220 ||| READING scroll labelled JUUKOT POESHRO.
  2221 | D:2      | 2221 ||| DRINKING 2 cyan potions.
  2354 | D:3      | Noticed Jessica
  2358 | D:3      | Killed Jessica
  2359 | D:3      | Reached XP level 5. HP: 32/32 MP: 5/5
  2375 | D:3      | Identified the +10 whip of Kiesokhai {flame, Str+2}
  2377 | D:3      | 2377 ||| DROPPING +0 whip.
  2461 | D:3      | You fall into a shaft and drop 3 floors!
  2462 | D:6      | 2462 ||| DROPPING ring of flight.
  2463 | D:6      | 2463 ||| READING scroll labelled OVAKIU VOTH.
  2464 | D:6      | 2464 ||| DRINKING 2 purple potions.
  2465 | D:6      | 2465 ||| DROPPING potion of invisibility.
  2470 | D:5      | Entered Level 5 of the Dungeon
  2564 | D:5      | 2564 ||| DRINKING 3 lumpy pink potions.
  2692 | D:4      | 2692 ||| READING scroll labelled ISKECU ZITSAEV.
  2693 | D:4      | 2693 ||| READING 3 scrolls of identify.
  2693 | D:4      | 2693 ||| IDENTIFYING fizzy inky potion
  2694 | D:4      | 2694 ||| READING 2 scrolls of identify.
  2694 | D:4      | 2694 ||| IDENTIFYING grey potion
  2752 | D:3      | 2752 ||| Stepping ~*~*~tactically~*~*~ (stealth).
  2929 | D:3      | 2929 ||| READING scroll labelled MYUFIVVUTO.
  2930 | D:3      | 2930 ||| READING scroll labelled ZEHYST VEHIA.
  3349 | D:4      | Reached skill level 1 in Dodging
  3349 | D:4      | Reached XP level 6. HP: 34/38 MP: 6/6
  3545 | D:4      | 3545 ||| READING scroll of enchant weapon.
  3545 | D:4      | 3545 ||| ENCHANTING +0 spectral war axe.
  3680 | D:4      | 3680 ||| UPGRADING to +0 chain mail.
  3690 | D:4      | 3690 ||| DROPPING +0 scale mail.
  3691 | D:4      | 3691 ||| READING 3 scrolls of identify.
  3691 | D:4      | 3691 ||| IDENTIFYING pink potion
  3692 | D:4      | 3692 ||| READING 2 scrolls of identify.
  3692 | D:4      | 3692 ||| IDENTIFYING fuming purple potion
  3693 | D:4      | 3693 ||| DROPPING potion of degeneration.
  3694 | D:4      | 3694 ||| DROPPING potion of flight.
  3711 | D:5      | 3711 ||| STAIRDANCE
  3760 | D:5      | 3760 ||| STAIRDANCE
  3912 | D:5      | Noticed a water moccasin
  3916 | D:5      | Killed a water moccasin
  3917 | D:5      | Reached skill level 6 in Axes
  3917 | D:5      | Reached XP level 7. HP: 43/43 MP: 7/7
  4077 | D:5      | 4077 ||| Stepping ~*~*~tactically~*~*~ (hiding).
  4078 | D:5      | 4078 ||| Stepping ~*~*~tactically~*~*~ (hiding).
  4080 | D:5      | 4080 ||| Stepping ~*~*~tactically~*~*~ (hiding).
  4195 | D:5      | 4195 ||| Stepping ~*~*~tactically~*~*~ (hiding).
  4200 | D:5      | 4200 ||| Stepping ~*~*~tactically~*~*~ (hiding).
  4208 | D:5      | Reached skill level 1 in Throwing
  4211 | D:5      | 4211 ||| FLEEEEING.
  4234 | D:5      | 4234 ||| FLEEEEING.
  4235 | D:5      | 4235 ||| FLEEEEING.
  4238 | D:5      | 4238 ||| FLEEEEING.
  4239 | D:5      | 4239 ||| FLEEEEING.
  4242 | D:5      | 4242 ||| FLEEEEING.
  4243 | D:5      | 4243 ||| FLEEEEING.
  4244 | D:5      | 4244 ||| FLEEEEING.
  4245 | D:5      | 4245 ||| FLEEEEING.
  4246 | D:5      | 4246 ||| FLEEEEING.
  4247 | D:5      | 4247 ||| FLEEEEING.
  4248 | D:5      | 4248 ||| FLEEEEING.
  4249 | D:5      | 4249 ||| FLEEEEING.
  4252 | D:5      | 4252 ||| FLEEEEING.
  4253 | D:5      | 4253 ||| FLEEEEING.
  4254 | D:5      | 4254 ||| FLEEEEING.
  4255 | D:5      | 4255 ||| FLEEEEING.
  4258 | D:5      | 4258 ||| STAIRDANCE
  4331 | D:4      | 4331 ||| UPGRADING to +6 ring of strength.
  4332 | D:4      | 4332 ||| READING 2 scrolls of identify.
  4332 | D:4      | 4332 ||| IDENTIFYING blue potion
  4337 | D:5      | Reached XP level 8. HP: 49/49 MP: 8/8
  4625 | D:5      | Noticed a shadow
  4626 | D:5      | 4626 ||| READING scroll of teleportation.
  4750 | D:5      | 4750 ||| READING 3 scrolls of identify.
  4750 | D:5      | 4750 ||| IDENTIFYING fizzy golden potion
  4751 | D:5      | 4751 ||| DROPPING potion of brilliance.
  4752 | D:5      | 4752 ||| Stepping randomly (stuck).
  4753 | D:5      | 4753 ||| Stepping randomly (stuck).
  4754 | D:5      | 4754 ||| Stepping randomly (stuck).
  4755 | D:5      | 4755 ||| Stepping randomly (stuck).
  4757 | D:5      | 4757 ||| Stepping ~*~*~tactically~*~*~ (stealth).
  4770 | D:5      | Noticed a yak
  4780 | D:5      | Killed a yak
  4785 | D:5      | Killed a shadow
  4786 | D:5      | Reached skill level 4 in Armour
  4947 | D:5      | 4947 ||| READING scroll labelled GUMALU WOASAU.
  5146 | D:6      | 5146 ||| FLEEEEING.
  5147 | D:6      | 5147 ||| FLEEEEING.
  5148 | D:6      | 5148 ||| FLEEEEING.
  5149 | D:6      | 5149 ||| FLEEEEING.
  5152 | D:6      | 5152 ||| FLEEEEING.
  5153 | D:6      | 5153 ||| FLEEEEING.
  5154 | D:6      | 5154 ||| FLEEEEING.
  5155 | D:6      | 5155 ||| FLEEEEING.
  5253 | D:6      | Reached skill level 6 in Fighting
  5446 | D:6      | Noticed Blork the orc
  5454 | D:6      | Killed Blork the orc
  5477 | D:6      | Reached XP level 9. HP: 55/55 MP: 9/9
  5477 | D:6      | 5477 ||| Stepping ~*~*~tactically~*~*~ (stealth).
  5479 | D:6      | 5479 ||| Stepping ~*~*~tactically~*~*~ (stealth).
  5483 | D:6      | 5483 ||| Stepping ~*~*~tactically~*~*~ (hiding).
  5485 | D:6      | 5485 ||| Stepping ~*~*~tactically~*~*~ (hiding).
  5591 | D:6      | 5591 ||| Stepping ~*~*~tactically~*~*~ (stealth).
  5670 | D:6      | Noticed Menkaure
  5675 | D:6      | Killed Menkaure
  5676 | D:6      | Reached skill level 9 in Axes
  5736 | D:6      | Noticed Maggie
  5737 | D:6      | 5737 ||| Stepping ~*~*~tactically~*~*~ (hiding).
  5746 | D:6      | Killed Maggie
  6075 | D:6      | Found a runed translucent door.
  6076 | D:6      | Noticed Crazy Yiuf
  6640 | D:6      | 6640 ||| UPGRADING to +1 pair of gloves of dexterity.
  6645 | D:6      | 6645 ||| READING 6 scrolls of identify.
  6645 | D:6      | 6645 ||| IDENTIFYING yellow potion
  6811 | D:7      | Found a staircase to the Ecumenical Temple.
  6812 | D:7      | 6812 ||| PLANNING TEMPLE
  6812 | D:7      | 6812 ||| Stepping ~*~*~tactically~*~*~ (stealth).
  6818 | D:7      | 6818 ||| Stepping ~*~*~tactically~*~*~ (stealth).
  6824 | D:7      | Reached skill level 5 in Armour
  6825 | D:7      | 6825 ||| Stepping ~*~*~tactically~*~*~ (stealth).
  6828 | D:7      | 6828 ||| Stepping ~*~*~tactically~*~*~ (stealth).
  6842 | D:7      | 6842 ||| Stepping ~*~*~tactically~*~*~ (stealth).
  6843 | D:7      | 6843 ||| Stepping ~*~*~tactically~*~*~ (stealth).
  6854 | Temple   | Entered the Ecumenical Temple
  7048 | Temple   | 7048 ||| PLANNING D:1-11
  7058 | Temple   | Became a worshipper of Warmaster Okawaru
  7080 | D:7      | 7080 ||| Stepping ~*~*~tactically~*~*~ (stealth).
  7083 | D:7      | 7083 ||| Stepping ~*~*~tactically~*~*~ (stealth).
  7101 | D:7      | Found a shimmering blue altar of Sif Muna.
  7249 | D:7      | Reached * piety under Okawaru
  7486 | D:7      | Reached skill level 1 in Invocations
  7572 | D:7      | 7572 ||| UPGRADING to +0 plate armour.
  7582 | D:7      | 7582 ||| DROPPING +0 chain mail.
  7586 | D:8      | Found a broken altar of Ashenzari.
  7593 | D:8      | 7593 ||| Stepping ~*~*~tactically~*~*~ (stealth).
  7598 | D:8      | 7598 ||| Stepping ~*~*~tactically~*~*~ (stealth).
  7602 | D:8      | Reached XP level 10. HP: 59/63 MP: 9/11
  7603 | D:8      | 7603 ||| Stepping ~*~*~tactically~*~*~ (stealth).
  7607 | D:8      | 7607 ||| INVOKING Heroism.
  7619 | D:8      | Reached skill level 6 in Armour
  7619 | D:8      | Reached skill level 3 in Invocations
  7629 | D:8      | 7629 ||| INVOKING Heroism.
  7816 | D:8      | 7816 ||| Stepping ~*~*~tactically~*~*~ (hiding).
  7817 | D:8      | 7817 ||| INVOKING Heroism.
  7870 | D:8      | 7870 ||| Stepping ~*~*~tactically~*~*~ (stealth).
  7872 | D:8      | 7872 ||| Stepping ~*~*~tactically~*~*~ (stealth).
  7903 | D:8      | 7903 ||| Stepping ~*~*~tactically~*~*~ (hiding).
  7906 | D:8      | 7906 ||| INVOKING Heroism.
  7907 | D:8      | 7907 ||| DRINKING 3 potions of curing.
  7907 | D:8      | 7907 ||| (to cure confusion)
  7969 | D:8      | 7969 ||| Stepping ~*~*~tactically~*~*~ (hiding).
  7975 | D:8      | 7975 ||| Stepping ~*~*~tactically~*~*~ (stealth).
  7987 | D:8      | Reached ** piety under Okawaru
  8104 | D:8      | 8104 ||| Stepping ~*~*~tactically~*~*~ (stealth).
  8108 | D:8      | 8108 ||| INVOKING Heroism.
  8110 | D:8      | Reached skill level 7 in Armour
  8182 | D:8      | 8182 ||| Stepping ~*~*~tactically~*~*~ (stealth).
  8350 | D:8      | 8350 ||| DROPPING +10 whip of Kiesokhai {flame, Str+2}.
  8613 | D:8      | 8613 ||| DROPPING +0 morningstar.
  8862 | D:8      | 8862 ||| DROPPING +6 ring of intelligence.
  8905 | D:9      | Found a staircase to the Orcish Mines.
  8906 | D:9      | 8906 ||| INVOKING Heroism.
  8922 | D:9      | HP: 15/64 [troll (4)]
  8923 | D:9      | 8923 ||| READING 2 scrolls of teleportation.
  8924 | D:9      | 8924 ||| DRINKING 4 potions of heal wounds.
  8926 | D:9      | Reached *** piety under Okawaru
  9139 | D:9      | 9139 ||| INVOKING Heroism.
  9174 | D:9      | 9174 ||| Stepping ~*~*~tactically~*~*~ (hiding).
  9176 | D:9      | 9176 ||| Stepping ~*~*~tactically~*~*~ (hiding).
  9315 | D:9      | Reached XP level 11. HP: 64/68 MP: 14/14
  9365 | D:9      | Reached skill level 8 in Armour
  9383 | D:9      | Found a stormy altar of Qazlal.
  9393 | D:9      | Found a blossoming altar of Fedhas.
  9415 | D:9      | 9415 ||| Stepping ~*~*~tactically~*~*~ (hiding).
  9416 | D:9      | 9416 ||| Stepping ~*~*~tactically~*~*~ (hiding).
  9417 | D:9      | 9417 ||| Stepping ~*~*~tactically~*~*~ (hiding).
  9584 | D:9      | Found a radiant altar of Vehumet.
  9585 | D:9      | 9585 ||| INVOKING Heroism.
  9651 | D:9      | 9651 ||| INVOKING Heroism.
  9816 | D:9      | 9816 ||| INVOKING Heroism.
  9826 | D:9      | Reached skill level 9 in Fighting
  9887 | D:9      | 9887 ||| INVOKING Heroism.
  9890 | D:9      | 9890 ||| UPGRADING to ring of protection from fire.
  9917 | D:9      | 9917 ||| INVOKING Heroism.
  9929 | D:9      | 9929 ||| Stepping ~*~*~tactically~*~*~ (stealth).
  9948 | D:9      | 9948 ||| INVOKING Heroism.
  9985 | D:9      | 9985 ||| Stepping ~*~*~tactically~*~*~ (stealth).
  9986 | D:9      | 9986 ||| Stepping ~*~*~tactically~*~*~ (stealth).
 10072 | D:9      | 10072 ||| READING scroll of enchant weapon.
 10072 | D:9      | 10072 ||| ENCHANTING +1 spectral war axe.
 10109 | D:9      | Reached **** piety under Okawaru
 10236 | D:9      | Found a white marble altar of Elyvilon.
 10236 | D:9      | Found an opulent altar of Gozag.
 10236 | D:9      | Found a sacrificial altar of Ru.
 10236 | D:9      | Found a shimmering altar of Xom.
 10243 | D:9      | Found a bloodstained altar of Trog.
 10245 | D:9      | Found an ancient bone altar of Kikubaaqudgha.
 10268 | D:9      | 10268 ||| UPGRADING to +0 kite shield.
 10278 | D:9      | 10278 ||| DROPPING +0 buckler.
 10279 | D:9      | 10279 ||| READING 8 scrolls of identify.
 10279 | D:9      | 10279 ||| IDENTIFYING sedimented white potion
 10285 | D:10     | Entered Level 10 of the Dungeon
 10362 | D:10     | 10362 ||| INVOKING Heroism.
 10367 | D:10     | 10367 ||| Stepping ~*~*~tactically~*~*~ (hiding).
 10447 | D:10     | 10447 ||| Stepping ~*~*~tactically~*~*~ (stealth).
 10473 | D:10     | Noticed Fannar
 10478 | D:10     | Killed Fannar
 10479 | D:10     | Reached skill level 6 in Shields
 10574 | D:10     | 10574 ||| Stepping ~*~*~tactically~*~*~ (stealth).
 10576 | D:10     | 10576 ||| Stepping ~*~*~tactically~*~*~ (stealth).
 10578 | D:10     | 10578 ||| Stepping ~*~*~tactically~*~*~ (stealth).
 10938 | D:10     | Found a burning altar of Makhleb.
 10974 | D:10     | 10974 ||| READING scroll of teleportation.
 10975 | D:10     | 10975 ||| INVOKING Heroism.
 10988 | D:10     | 10988 ||| DRINKING 2 potions of cancellation.
 11174 | D:11     | 11174 ||| Stepping ~*~*~tactically~*~*~ (stealth).
 11175 | D:11     | Noticed Lodul
 11176 | D:11     | 11176 ||| Stepping ~*~*~tactically~*~*~ (hiding).
 11180 | D:11     | 11180 ||| INVOKING Heroism.
 11193 | D:11     | Noticed a two-headed ogre
 11196 | D:11     | Killed Lodul
 11197 | D:11     | Killed a two-headed ogre
 11198 | D:11     | Reached skill level 6 in Invocations
 11386 | D:11     | Noticed an orc warlord
 11473 | D:11     | Identified the +0 robe of the Komodo Dragon {Dex+3}
 11483 | D:11     | Found a transporter.
 11528 | D:11     | Noticed a two-headed ogre
 11528 | D:11     | Noticed an orc sorcerer
 11530 | D:11     | Found a transporter.
 11530 | D:11     | Noticed a cyclops
 11584 | D:11     | 11584 ||| INVOKING Heroism.
 11639 | D:11     | Noticed Maurice
 11651 | D:11     | Killed Maurice
 11651 | D:11     | Reached ***** piety under Okawaru
 11667 | D:11     | 11667 ||| READING scroll of enchant armour.
 11667 | D:11     | 11667 ||| ENCHANTING +1 pair of gloves of dexterity.
 11849 | D:11     | Noticed Sonja
 11850 | D:11     | 11850 ||| INVOKING Finesse.
 11854 | D:11     | 11854 ||| INVOKING Heroism.
 11858 | D:11     | Killed Sonja
 11859 | D:11     | Reached XP level 12. HP: 76/76 MP: 10/17
 11867 | D:11     | 11867 ||| DRINKING 2 potions of curing.
 11867 | D:11     | 11867 ||| (to cure confusion)
 11868 | D:11     | 11868 ||| DRINKING potion of curing.
 11868 | D:11     | 11868 ||| (to cure confusion)
 11997 | D:11     | Noticed a two-headed ogre
 12005 | D:11     | 12005 ||| INVOKING Heroism.
 12006 | D:11     | Killed a two-headed ogre
 12147 | D:11     | Found a staircase to the Lair.
 12286 | D:11     | 12286 ||| PLANNING LAIR
 12317 | Lair:1   | Entered Level 1 of the Lair of Beasts
 12318 | Lair:1   | 12318 ||| INVOKING Heroism.
 12329 | Lair:1   | Reached skill level 9 in Shields
 12579 | Lair:1   | Identified the +0 ring mail "Pibb" {Slay+5}
 12806 | Lair:1   | 12806 ||| Stepping ~*~*~tactically~*~*~ (stealth).
 12812 | Lair:1   | 12812 ||| INVOKING Heroism.
 12841 | Lair:1   | 12841 ||| INVOKING Heroism.
 12873 | Lair:1   | 12873 ||| INVOKING Heroism.
 13046 | Lair:1   | Received a gift from Okawaru
 13299 | Lair:1   | 13299 ||| READING scroll labelled KEGAUP TIPS.
 13299 | Lair:1   | Identified a scroll of acquirement
 13299 | Lair:1   | 13299 ||| ACQUIRING 729 gold pieces
 13299 | Lair:1   | Acquired 729 gold pieces
 13317 | Lair:2   | 13317 ||| INVOKING Heroism.
 13480 | Lair:2   | 13480 ||| Stepping ~*~*~tactically~*~*~ (stealth).
 13481 | Lair:2   | 13481 ||| INVOKING Heroism.
 13486 | Lair:2   | Reached skill level 9 in Invocations
 13711 | Lair:2   | 13711 ||| INVOKING Heroism.
 13998 | Lair:2   | Found a staircase to the Swamp.
 14002 | Lair:2   | 14002 ||| Stepping ~*~*~tactically~*~*~ (hiding).
 14003 | Lair:2   | 14003 ||| INVOKING Heroism.
 14106 | Lair:2   | 14106 ||| UPGRADING to ring of see invisible.
 14108 | Lair:2   | 14108 ||| UPGRADING to +6 ring of strength.
 14142 | Lair:3   | Noticed a six-headed hydra
 14143 | Lair:3   | 14143 ||| INVOKING Heroism.
 14144 | Lair:3   | 14144 ||| INVOKING Finesse.
 14146 | Lair:3   | 14146 ||| SWAPPING to +2 morningstar of freezing.
 14151 | Lair:3   | Killed a six-headed hydra
 14152 | Lair:3   | Reached skill level 12 in Axes
 14152 | Lair:3   | 14152 ||| SWAPPING to +2 spectral war axe.
 14209 | Lair:3   | Noticed a death yak
 14209 | Lair:3   | Noticed a death yak
 14209 | Lair:3   | Noticed a death yak
 14210 | Lair:3   | 14210 ||| Stepping ~*~*~tactically~*~*~ (stealth).
 14211 | Lair:3   | Noticed a death yak
 14211 | Lair:3   | Noticed a death yak
 14212 | Lair:3   | 14212 ||| Stepping ~*~*~tactically~*~*~ (stealth).
 14213 | Lair:3   | 14213 ||| INVOKING Heroism.
 14214 | Lair:3   | 14214 ||| INVOKING Finesse.
 14218 | Lair:3   | Killed a death yak
 14223 | Lair:3   | Noticed a death yak
 14224 | Lair:3   | Killed a death yak
 14228 | Lair:3   | Killed a death yak
 14234 | Lair:3   | Killed a death yak
 14235 | Lair:3   | Reached skill level 9 in Armour
 14236 | Lair:3   | Killed a death yak
 14237 | Lair:3   | Reached XP level 13. HP: 49/80 MP: 13/20
 14486 | Lair:3   | 14486 ||| Stepping ~*~*~tactically~*~*~ (stealth).
 14493 | Lair:3   | 14493 ||| INVOKING Heroism.
 14496 | Lair:3   | Received a gift from Okawaru
 14499 | Lair:3   | 14499 ||| Stepping ~*~*~tactically~*~*~ (stealth).
 14621 | Lair:3   | 14621 ||| INVOKING Heroism.
 14706 | Lair:3   | Found a hole to the Spider Nest.
 14711 | Lair:3   | 14711 ||| Stepping ~*~*~tactically~*~*~ (stealth).
 14717 | Lair:3   | 14717 ||| INVOKING Heroism.
 14797 | Lair:3   | 14797 ||| INVOKING Heroism.
 14798 | Lair:3   | 14798 ||| INVOKING Finesse.
 14800 | Lair:3   | 14800 ||| SWAPPING to +2 morningstar of freezing.
 14807 | Lair:3   | 14807 ||| SWAPPING to +2 spectral war axe.
 15343 | Lair:4   | Noticed Snorg
 15344 | Lair:4   | 15344 ||| INVOKING Heroism.
 15345 | Lair:4   | 15345 ||| INVOKING Finesse.
 15357 | Lair:4   | Killed Snorg
 15357 | Lair:4   | Received a gift from Okawaru
 15417 | Lair:4   | 15417 ||| INVOKING Heroism.
 15418 | Lair:4   | 15418 ||| INVOKING Finesse.
 15420 | Lair:4   | 15420 ||| SWAPPING to +2 morningstar of freezing.
 15429 | Lair:4   | 15429 ||| SWAPPING to +2 spectral war axe.
 15440 | Lair:4   | Noticed Rupert
 15445 | Lair:4   | Paralysed by Rupert for 5 turns
 15451 | Lair:4   | 15451 ||| INVOKING Heroism.
 15456 | Lair:4   | 15456 ||| INVOKING Finesse.
 15458 | Lair:4   | Killed Rupert
 15720 | Lair:4   | Received a gift from Okawaru
 15777 | Lair:4   | 15777 ||| SWAPPING to +5 broad axe of electrocution.
 15778 | Lair:4   | 15778 ||| DROPPING +2 spectral war axe.
 15779 | Lair:4   | 15779 ||| READING scroll of brand weapon.
 15779 | Lair:4   | 15779 ||| BRANDING +5 broad axe of electrocution.
 15785 | Lair:4   | 15785 ||| Stepping ~*~*~tactically~*~*~ (stealth).
 15803 | Lair:4   | Found a staircase to the Slime Pits.
 15803 | Lair:4   | Found a viscous altar of Jiyva.
 15805 | Lair:4   | 15805 ||| Stepping ~*~*~tactically~*~*~ (stealth).
 15809 | Lair:4   | 15809 ||| Stepping ~*~*~tactically~*~*~ (stealth).
 15810 | Lair:4   | 15810 ||| Stepping ~*~*~tactically~*~*~ (stealth).
 16079 | Lair:4   | 16079 ||| INVOKING Heroism.
 16114 | Lair:4   | Reached skill level 3 in Dodging
 16117 | Lair:4   | 16117 ||| READING scroll of enchant armour.
 16117 | Lair:4   | 16117 ||| ENCHANTING +0 pair of boots.
 16149 | Lair:4   | 16149 ||| INVOKING Heroism.
 16379 | Lair:4   | 16379 ||| INVOKING Heroism.
 16514 | Lair:4   | Reached skill level 10 in Armour
 16909 | Lair:5   | Entered Level 5 of the Lair of Beasts
 16910 | Lair:5   | 16910 ||| INVOKING Heroism.
 16911 | Lair:5   | 16911 ||| STAIRDANCE
 16972 | Lair:5   | 16972 ||| INVOKING Heroism.
 17004 | Lair:5   | 17004 ||| Stepping ~*~*~tactically~*~*~ (stealth).
 17006 | Lair:5   | 17006 ||| Stepping ~*~*~tactically~*~*~ (stealth).
 17007 | Lair:5   | 17007 ||| Stepping ~*~*~tactically~*~*~ (stealth).
 17008 | Lair:5   | 17008 ||| Stepping ~*~*~tactically~*~*~ (stealth).
 17009 | Lair:5   | 17009 ||| INVOKING Heroism.
 17032 | Lair:5   | 17032 ||| READING scroll of acquirement.
 17032 | Lair:5   | 17032 ||| ACQUIRING ring "Xuerymoi" {Fly rF+ Will+ Str+7
                  | Stlth+}
 17032 | Lair:5   | Acquired the ring "Xuerymoi" {Fly rF+ Will+ Str+7 Stlth+}
 17034 | Lair:5   | 17034 ||| UPGRADING to ring "Xuerymoi" {Fly rF+ Will+ Str+7
                  | Stlth+}.
 17040 | Lair:5   | 17040 ||| INVOKING Finesse.
 17044 | Lair:5   | 17044 ||| SWAPPING to +2 morningstar of freezing.
 17048 | Lair:5   | 17048 ||| SWAPPING to +5 broad axe of protection.
 17106 | Lair:5   | 17106 ||| Stepping ~*~*~tactically~*~*~ (stealth).
 17141 | Lair:5   | 17141 ||| Stepping ~*~*~tactically~*~*~ (stealth).
 17145 | Lair:5   | 17145 ||| Stepping ~*~*~tactically~*~*~ (stealth).
 17167 | Lair:5   | 17167 ||| Stepping ~*~*~tactically~*~*~ (hiding).
 17176 | Lair:5   | 17176 ||| INVOKING Heroism.
 17183 | Lair:5   | Gained mutation: Your large and strong wings let you fly.
                  | [Gargoyle growth]
 17183 | Lair:5   | Reached XP level 14. HP: 87/88 MP: 19/21
 17191 | Lair:5   | 17191 ||| Stepping ~*~*~tactically~*~*~ (stealth).
 17192 | Lair:5   | 17192 ||| Stepping ~*~*~tactically~*~*~ (stealth).
 17218 | Lair:5   | 17218 ||| Stepping ~*~*~tactically~*~*~ (stealth).
 17220 | Lair:5   | 17220 ||| Stepping ~*~*~tactically~*~*~ (hiding).
 17221 | Lair:5   | 17221 ||| Stepping ~*~*~tactically~*~*~ (stealth).
 17222 | Lair:5   | 17222 ||| Stepping ~*~*~tactically~*~*~ (hiding).
 17246 | Lair:5   | 17246 ||| Stepping ~*~*~tactically~*~*~ (hiding).
 17347 | Lair:5   | 17347 ||| Stepping ~*~*~tactically~*~*~ (stealth).
 17349 | Lair:5   | 17349 ||| Stepping ~*~*~tactically~*~*~ (stealth).
 17351 | Lair:5   | 17351 ||| Stepping ~*~*~tactically~*~*~ (stealth).
 17358 | Lair:5   | 17358 ||| INVOKING Heroism.
 17397 | Lair:5   | 17397 ||| FLEEEEING.
 17444 | Lair:5   | 17444 ||| Stepping ~*~*~tactically~*~*~ (hiding).
 17445 | Lair:5   | 17445 ||| INVOKING Heroism.
 17454 | Lair:5   | 17454 ||| Stepping ~*~*~tactically~*~*~ (stealth).
 17466 | Lair:5   | 17466 ||| FLEEEEING.
 17467 | Lair:5   | 17467 ||| FLEEEEING.
 17692 | Lair:5   | 17692 ||| INVOKING Heroism.
 17835 | Lair:5   | Identified the +3 war axe of the Last Realms {drain, rPois}
 17908 | Lair:5   | Reached skill level 12 in Shields
 17916 | Lair:5   | 17916 ||| Stepping ~*~*~tactically~*~*~ (stealth).
 17918 | Lair:5   | 17918 ||| INVOKING Heroism.
 17946 | Lair:5   | 17946 ||| Stepping ~*~*~tactically~*~*~ (stealth).
 17991 | Lair:5   | 17991 ||| Stepping ~*~*~tactically~*~*~ (stealth).
 18175 | Lair:5   | 18175 ||| Stepping ~*~*~tactically~*~*~ (stealth).
 18202 | Lair:5   | 18202 ||| INVOKING Heroism.
 18209 | Lair:5   | Received a gift from Okawaru
 18254 | Lair:5   | 18254 ||| DROPPING +2 morningstar of freezing.
 18379 | Lair:5   | 18379 ||| INVOKING Heroism.
 18466 | Lair:5   | 18466 ||| Stepping ~*~*~tactically~*~*~ (hiding).
 18490 | Lair:5   | 18490 ||| INVOKING Heroism.
 18491 | Lair:5   | 18491 ||| INVOKING Finesse.
 18492 | Lair:5   | 18492 ||| Stepping ~*~*~tactically~*~*~ (stealth).
 18688 | Lair:5   | Reached skill level 15 in Axes
 18700 | Lair:5   | 18700 ||| INVOKING Heroism.
 18701 | Lair:5   | 18701 ||| INVOKING Finesse.
 18703 | Lair:5   | 18703 ||| SWAPPING to +3 demon whip of draining.
 18716 | Lair:5   | 18716 ||| SWAPPING to +5 broad axe of protection.
 18920 | Lair:5   | 18920 ||| PLANNING D
 18920 | Lair:5   | 18920 ||| DROPPING amulet of faith.
 18921 | Lair:5   | 18921 ||| DROPPING ring of protection from fire.
 18922 | Lair:5   | 18922 ||| UPGRADING to ring of see invisible.
 18924 | Lair:5   | 18924 ||| READING scroll labelled TIASTE QOYQO.
 18925 | Lair:5   | 18925 ||| READING 10 scrolls of identify.
 18925 | Lair:5   | 18925 ||| IDENTIFYING bubbling puce potion
 18926 | Lair:5   | 18926 ||| DROPPING potion of berserk rage.
 19090 | D:12     | Noticed Gastronok
 19092 | D:12     | 19092 ||| INVOKING Heroism.
 19105 | D:12     | Killed Gastronok
 19107 | D:12     | 19107 ||| INVOKING Heroism.
 19134 | D:12     | Reached skill level 11 in Armour
 19190 | D:12     | 19190 ||| INVOKING Heroism.
 19198 | D:12     | Received a gift from Okawaru
 19403 | D:12     | Noticed Urug
 19404 | D:12     | 19404 ||| INVOKING Heroism.
 19405 | D:12     | 19405 ||| INVOKING Finesse.
 19420 | D:12     | Killed Urug
 19466 | D:12     | Identified the +0 leather armour "Wiwiroaf" {MP-9 Dex+4}
 19487 | D:12     | 19487 ||| INVOKING Heroism.
 19605 | D:12     | 19605 ||| Stepping ~*~*~tactically~*~*~ (hiding).
 19608 | D:12     | 19608 ||| Stepping ~*~*~tactically~*~*~ (hiding).
 19634 | D:12     | 19634 ||| Stepping ~*~*~tactically~*~*~ (hiding).
 19708 | D:12     | 19708 ||| Stepping ~*~*~tactically~*~*~ (hiding).
 19713 | D:12     | Reached skill level 3 in Throwing
 19936 | D:12     | Found a sparkling altar of Nemelex Xobeh.
 20000 | D:12     | 20000 ||| UPGRADING to +2 hat of stealth.
 20067 | D:13     | 20067 ||| Stepping ~*~*~tactically~*~*~ (stealth).
 20068 | D:13     | 20068 ||| Stepping ~*~*~tactically~*~*~ (stealth).
 20208 | D:13     | 20208 ||| Stepping ~*~*~tactically~*~*~ (hiding).
 20213 | D:13     | 20213 ||| INVOKING Heroism.
 20225 | D:13     | Received a gift from Okawaru
 20291 | D:13     | Found Gaebb's Gadget Gallery.
 20319 | D:13     | 20319 ||| INVOKING Heroism.
 20533 | D:13     | Reached XP level 15. HP: 74/95 MP: 22/22
 20627 | D:13     | Found a gate to the Vaults.
 20634 | D:13     | Identified the +0 scale mail of Ywaudd {Regen+} (Okawaru
                  | gifted it to you on level 13 of the Dungeon)
 20634 | D:13     | Received a gift from Okawaru
 20636 | D:13     | 20636 ||| INVOKING Heroism.
 20828 | D:13     | 20828 ||| Stepping ~*~*~tactically~*~*~ (stealth).
 20830 | D:13     | 20830 ||| Stepping ~*~*~tactically~*~*~ (hiding).
 20874 | D:13     | Reached skill level 12 in Fighting
 21131 | D:13     | 21131 ||| INVOKING Heroism.
 21144 | D:13     | Identified the +2 spear of the Blue God {speed, rPois
                  | Will++ Str+3 Dex-3}
 21255 | D:13     | 21255 ||| DROPPING ring of magical power.
 21453 | D:14     | 21453 ||| Stepping ~*~*~tactically~*~*~ (hiding).
 21454 | D:14     | 21454 ||| Stepping ~*~*~tactically~*~*~ (stealth).
 21457 | D:14     | 21457 ||| INVOKING Heroism.
 21473 | D:14     | HP: 23/96 [freezing wraith[a death knight] (8)]
 21474 | D:14     | 21474 ||| READING 6 scrolls of teleportation.
 21475 | D:14     | 21475 ||| DRINKING 8 potions of heal wounds.
 21480 | D:14     | 21480 ||| SWAPPING to +3 demon whip of draining.
 21481 | D:14     | 21481 ||| INVOKING Finesse.
 21488 | D:14     | 21488 ||| SWAPPING to +5 broad axe of protection.
 21507 | D:14     | 21507 ||| INVOKING Heroism.
 21525 | D:14     | 21525 ||| FLEEEEING.
 21526 | D:14     | 21526 ||| FLEEEEING.
 21527 | D:14     | 21527 ||| FLEEEEING.
 21528 | D:14     | 21528 ||| FLEEEEING.
 21529 | D:14     | 21529 ||| FLEEEEING.
 21530 | D:14     | 21530 ||| FLEEEEING.
 21531 | D:14     | 21531 ||| FLEEEEING.
 21532 | D:14     | 21532 ||| FLEEEEING.
 21535 | D:14     | 21535 ||| FLEEEEING.
 21537 | D:14     | 21537 ||| FLEEEEING.
 21538 | D:14     | 21538 ||| FLEEEEING.
 21539 | D:14     | 21539 ||| FLEEEEING.
 21540 | D:14     | 21540 ||| FLEEEEING.
 21541 | D:14     | 21541 ||| FLEEEEING.
 21596 | D:14     | 21596 ||| Stepping ~*~*~tactically~*~*~ (stealth).
 21597 | D:14     | 21597 ||| INVOKING Heroism.
 21870 | D:14     | 21870 ||| INVOKING Heroism.
 21874 | D:14     | 21874 ||| Stepping ~*~*~tactically~*~*~ (hiding).
 21944 | D:14     | Found Mesaorat's Jewellery Shoppe.
 21953 | D:14     | 21953 ||| BUYING amulet of regeneration (390 gold).
 21953 | D:14     | Bought an amulet of regeneration for 390 gold pieces
 22117 | D:14     | 22117 ||| INVOKING Heroism.
 22193 | D:14     | Found Wayro's General Store.
 22196 | D:14     | 22196 ||| BUYING ring "Focyr" {Contam rN+ EV+4 Dex+7 SInv}
                  | (665 gold).
 22196 | D:14     | Bought the ring "Focyr" {Contam rN+ EV+4 Dex+7 SInv} for
                  | 665 gold pieces
 22251 | D:14     | 22251 ||| READING scroll of enchant armour.
 22251 | D:14     | 22251 ||| ENCHANTING +1 pair of boots.
 22336 | D:14     | 22336 ||| INVOKING Heroism.
 22543 | D:14     | Found Ciarchas's Book Emporium.
 22562 | D:14     | 22562 ||| UPGRADING to +2 helmet.
 22572 | D:14     | 22572 ||| DROPPING +2 hat of stealth.
 22573 | D:14     | 22573 ||| UPGRADING to amulet of regeneration.
 22578 | D:14     | 22578 ||| DROPPING ring of ice.
 22579 | D:14     | 22579 ||| DROPPING ring of protection from fire.
 22580 | D:14     | 22580 ||| DROPPING +4 ring of evasion.
 22581 | D:14     | 22581 ||| DROPPING +6 ring of strength.
 22582 | D:14     | 22582 ||| DROPPING +6 ring of dexterity.
 22583 | D:14     | 22583 ||| UPGRADING to ring "Focyr" {Contam rN+ EV+4 Dex+7
                  | SInv}.
 22585 | D:14     | 22585 ||| DROPPING ring of see invisible.
 22591 | D:15     | Entered Level 15 of the Dungeon
 22592 | D:15     | 22592 ||| INVOKING Heroism.
 22601 | D:15     | Identified the +2 scale mail "Xohil" {Will+} (Okawaru
                  | gifted it to you on level 15 of the Dungeon)
 22601 | D:15     | Received a gift from Okawaru
 22633 | D:15     | 22633 ||| Stepping ~*~*~tactically~*~*~ (stealth).
 22671 | D:15     | 22671 ||| READING scroll of brand weapon.
 22671 | D:15     | 22671 ||| BRANDING +5 broad axe of protection.
 22721 | D:15     | 22721 ||| INVOKING Heroism.
 22738 | D:15     | 22738 ||| Stepping ~*~*~tactically~*~*~ (stealth).
 22739 | D:15     | 22739 ||| Stepping ~*~*~tactically~*~*~ (stealth).
 22740 | D:15     | 22740 ||| INVOKING Heroism.
 22771 | D:15     | 22771 ||| INVOKING Finesse.
 22772 | D:15     | 22772 ||| INVOKING Heroism.
 22774 | D:15     | 22774 ||| SWAPPING to +3 demon whip of draining.
 22780 | D:15     | 22780 ||| SWAPPING to +5 broad axe of venom.
 22891 | D:15     | Found a runed translucent door.
 22893 | D:15     | Noticed Gosau's ghost (journeyman DsGl)
 22896 | D:15     | Identified the +7 trident of the Lusting Oracle {elec,
                  | Str+4}
 22918 | D:15     | 22918 ||| Stepping ~*~*~tactically~*~*~ (stealth).
 22919 | D:15     | 22919 ||| Stepping ~*~*~tactically~*~*~ (stealth).
 22921 | D:15     | 22921 ||| INVOKING Heroism.
 22922 | D:15     | 22922 ||| INVOKING Finesse.
 22927 | D:15     | 22927 ||| Stepping ~*~*~tactically~*~*~ (stealth).
 22963 | D:15     | 22963 ||| Stepping ~*~*~tactically~*~*~ (stealth).
 22965 | D:15     | 22965 ||| Stepping ~*~*~tactically~*~*~ (stealth).
 22967 | D:15     | 22967 ||| INVOKING Finesse.
 22968 | D:15     | 22968 ||| INVOKING Heroism.
 22976 | D:15     | 22976 ||| Stepping ~*~*~tactically~*~*~ (stealth).
 23000 | D:15     | Reached skill level 12 in Armour
 23139 | D:15     | 23139 ||| INVOKING Heroism.
 23140 | D:15     | 23140 ||| INVOKING Finesse.
 23210 | D:15     | 23210 ||| Stepping ~*~*~tactically~*~*~ (stealth).
 23212 | D:15     | 23212 ||| INVOKING Heroism.
 23215 | D:15     | 23215 ||| READING 6 scrolls of teleportation.
 23265 | D:15     | 23265 ||| Stepping ~*~*~tactically~*~*~ (hiding).
 23267 | D:15     | 23267 ||| INVOKING Heroism.
 23273 | D:15     | Reached XP level 16. HP: 101/101 MP: 20/23
 23298 | D:15     | Found a staircase to the Depths.
 23377 | D:15     | 23377 ||| PLANNING ORC
 23543 | Orc:1    | Entered Level 1 of the Orcish Mines
 23543 | Orc:1    | Noticed Harold
 23553 | Orc:1    | 23553 ||| INVOKING Heroism.
 23558 | Orc:1    | Killed Harold
 23687 | Orc:2    | Entered Level 2 of the Orcish Mines
 23697 | Orc:2    | 23697 ||| INVOKING Heroism.
 23762 | Orc:2    | 23762 ||| INVOKING Heroism.
 23777 | Orc:2    | Found a staircase to the Elven Halls.
 24007 | Orc:2    | 24007 ||| Stepping ~*~*~tactically~*~*~ (stealth).
 24008 | Orc:2    | 24008 ||| Stepping ~*~*~tactically~*~*~ (stealth).
 24010 | Orc:2    | 24010 ||| INVOKING Heroism.
 24059 | Orc:2    | 24059 ||| INVOKING Heroism.
 24108 | Orc:2    | 24108 ||| Stepping ~*~*~tactically~*~*~ (hiding).
 24109 | Orc:2    | 24109 ||| Stepping ~*~*~tactically~*~*~ (hiding).
 24162 | Orc:2    | 24162 ||| INVOKING Heroism.
 24178 | Orc:2    | Received a gift from Okawaru
 24198 | Orc:2    | Found Guor's Distillery.
 24201 | Orc:2    | 24201 ||| Stepping ~*~*~tactically~*~*~ (stealth).
 24211 | Orc:2    | 24211 ||| INVOKING Heroism.
 24228 | Orc:2    | 24228 ||| BUYING potion of curing (51 gold).
 24228 | Orc:2    | Bought a potion of curing for 51 gold pieces
 24228 | Orc:2    | 24228 ||| BUYING potion of curing (51 gold).
 24228 | Orc:2    | Bought a potion of curing for 51 gold pieces
 24228 | Orc:2    | 24228 ||| BUYING potion of haste (170 gold).
 24228 | Orc:2    | Bought a potion of haste for 170 gold pieces
 24228 | Orc:2    | 24228 ||| BUYING potion of heal wounds (85 gold).
 24228 | Orc:2    | Bought a potion of heal wounds for 85 gold pieces
 24228 | Orc:2    | 24228 ||| BUYING potion of lignification (51 gold).
 24228 | Orc:2    | Bought a potion of lignification for 51 gold pieces
 24228 | Orc:2    | 24228 ||| BUYING potion of magic (136 gold).
 24228 | Orc:2    | Bought a potion of magic for 136 gold pieces
 24235 | Orc:2    | 24235 ||| INVOKING Heroism.
 24251 | Orc:2    | Found Deqeuj's Armour Shoppe.
 24254 | Orc:2    | Found Sopsoo's Book Shoppe.
 24277 | Orc:2    | 24277 ||| BUYING +2 chain mail of fire resistance (258
                  | gold).
 24277 | Orc:2    | Bought a +2 chain mail of fire resistance for 258 gold
                  | pieces
 24283 | Orc:2    | 24283 ||| Stepping ~*~*~tactically~*~*~ (stealth).
 24284 | Orc:2    | 24284 ||| Stepping ~*~*~tactically~*~*~ (stealth).
 24290 | Orc:2    | 24290 ||| Stepping ~*~*~tactically~*~*~ (hiding).
 24314 | Orc:2    | Found Vaqil's Armour Shop.
 24500 | Orc:2    | Noticed Keeluq's ghost (journeyman GrEE)
 24510 | Orc:2    | Found a transporter.
 24526 | Orc:2    | Found a transporter.
 24686 | Orc:1    | 24686 ||| Stepping ~*~*~tactically~*~*~ (hiding).
 24814 | Orc:1    | 24814 ||| INVOKING Heroism.
 24861 | Orc:1    | Found a burning altar of Makhleb.
 24949 | Orc:1    | 24949 ||| PLANNING SWAMP:1-3
 25154 | Swamp:1  | Entered Level 1 of the Swamp
 25213 | Swamp:1  | 25213 ||| INVOKING Heroism.
 25214 | Swamp:1  | 25214 ||| Stepping ~*~*~tactically~*~*~ (hiding).
 25215 | Swamp:1  | 25215 ||| Stepping ~*~*~tactically~*~*~ (hiding).
 25226 | Swamp:1  | 25226 ||| SWAPPING to +3 demon whip of draining.
 25228 | Swamp:1  | 25228 ||| SWAPPING to +5 broad axe of venom.
 25229 | Swamp:1  | 25229 ||| SWAPPING to +3 demon whip of draining.
 25230 | Swamp:1  | 25230 ||| Stepping ~*~*~tactically~*~*~ (outnumbered).
 25231 | Swamp:1  | 25231 ||| Stepping ~*~*~tactically~*~*~ (outnumbered).
 25232 | Swamp:1  | 25232 ||| Stepping ~*~*~tactically~*~*~ (outnumbered).
 25234 | Swamp:1  | 25234 ||| Stepping ~*~*~tactically~*~*~ (outnumbered).
 25235 | Swamp:1  | 25235 ||| Stepping ~*~*~tactically~*~*~ (hiding).
 25237 | Swamp:1  | 25237 ||| SWAPPING to +5 broad axe of venom.
 25240 | Swamp:1  | 25240 ||| SWAPPING to +3 demon whip of draining.
 25242 | Swamp:1  | 25242 ||| SWAPPING to +5 broad axe of venom.
 25256 | Swamp:1  | Reached skill level 6 in Throwing
 25340 | Swamp:1  | Noticed Louise
 25341 | Swamp:1  | 25341 ||| Stepping ~*~*~tactically~*~*~ (hiding).
 25349 | Swamp:1  | 25349 ||| INVOKING Heroism.
 25350 | Swamp:1  | 25350 ||| INVOKING Finesse.
 25359 | Swamp:1  | Killed Louise
 25396 | Swamp:1  | 25396 ||| DROPPING +3 demon whip of draining.
 25548 | Swamp:1  | 25548 ||| INVOKING Heroism.
 25677 | Swamp:1  | 25677 ||| INVOKING Heroism.
 25896 | Swamp:1  | 25896 ||| UPGRADING to +0 tower shield.
 25906 | Swamp:1  | 25906 ||| DROPPING +0 kite shield.
 25965 | Swamp:2  | 25965 ||| Stepping ~*~*~tactically~*~*~ (hiding).
 26100 | Swamp:2  | 26100 ||| Stepping ~*~*~tactically~*~*~ (hiding).
 26241 | Swamp:2  | 26241 ||| Stepping ~*~*~tactically~*~*~ (hiding).
 26243 | Swamp:2  | 26243 ||| FLEEEEING.
 26244 | Swamp:2  | 26244 ||| Stepping ~*~*~tactically~*~*~ (hiding).
 26245 | Swamp:2  | 26245 ||| INVOKING Heroism.
 26332 | Swamp:2  | 26332 ||| Stepping ~*~*~tactically~*~*~ (stealth).
 26336 | Swamp:2  | 26336 ||| INVOKING Heroism.
 26337 | Swamp:2  | 26337 ||| Stepping ~*~*~tactically~*~*~ (stealth).
 26338 | Swamp:2  | 26338 ||| Stepping ~*~*~tactically~*~*~ (stealth).
 26343 | Swamp:2  | 26343 ||| SWAPPING to +1 eveningstar of protection.
 26344 | Swamp:2  | 26344 ||| INVOKING Finesse.
 26359 | Swamp:2  | 26359 ||| SWAPPING to +5 broad axe of venom.
 26400 | Swamp:2  | 26400 ||| INVOKING Heroism.
 26449 | Swamp:2  | 26449 ||| READING scroll of enchant armour.
 26449 | Swamp:2  | 26449 ||| ENCHANTING +0 cloak.
 26471 | Swamp:2  | 26471 ||| STAIRDANCE
 26575 | Swamp:2  | 26575 ||| INVOKING Heroism.
 26620 | Swamp:2  | Noticed a thorn hunter
 26621 | Swamp:2  | 26621 ||| Stepping ~*~*~tactically~*~*~ (hiding).
 26623 | Swamp:2  | 26623 ||| Stepping ~*~*~tactically~*~*~ (hiding).
 26626 | Swamp:2  | 26626 ||| INVOKING Heroism.
 26637 | Swamp:2  | Killed a thorn hunter
 26849 | Swamp:3  | 26849 ||| INVOKING Heroism.
 26853 | Swamp:3  | 26853 ||| SWAPPING to +1 eveningstar of protection.
 26854 | Swamp:3  | 26854 ||| Stepping ~*~*~tactically~*~*~ (outnumbered).
 26856 | Swamp:3  | 26856 ||| Stepping ~*~*~tactically~*~*~ (outnumbered).
 26857 | Swamp:3  | 26857 ||| Stepping ~*~*~tactically~*~*~ (outnumbered).
 26858 | Swamp:3  | 26858 ||| Stepping ~*~*~tactically~*~*~ (outnumbered).
 26859 | Swamp:3  | 26859 ||| SWAPPING to +5 broad axe of venom.
 26860 | Swamp:3  | 26860 ||| SWAPPING to +1 eveningstar of protection.
 26861 | Swamp:3  | 26861 ||| Stepping ~*~*~tactically~*~*~ (outnumbered).
 26871 | Swamp:3  | HP: 18/103 [spriggan rider/+0 spear (12)]
 26872 | Swamp:3  | 26872 ||| READING 5 scrolls of teleportation.
 26873 | Swamp:3  | 26873 ||| DRINKING 9 potions of heal wounds.
 26874 | Swamp:3  | 26874 ||| DRINKING 8 potions of heal wounds.
 26878 | Swamp:3  | 26878 ||| SWAPPING to +5 broad axe of venom.
 26886 | Swamp:3  | Received a gift from Okawaru
 26901 | Swamp:3  | 26901 ||| Stepping ~*~*~tactically~*~*~ (hiding).
 26902 | Swamp:3  | 26902 ||| Stepping ~*~*~tactically~*~*~ (hiding).
 26903 | Swamp:3  | 26903 ||| Stepping ~*~*~tactically~*~*~ (hiding).
 26969 | Swamp:3  | 26969 ||| INVOKING Heroism.
 26970 | Swamp:3  | 26970 ||| INVOKING Finesse.
 26971 | Swamp:3  | 26971 ||| SWAPPING to +1 eveningstar of protection.
 26976 | Swamp:3  | 26976 ||| SWAPPING to +5 broad axe of venom.
 27030 | Swamp:3  | 27030 ||| Stepping randomly (cloudy).
 27051 | Swamp:3  | 27051 ||| INVOKING Heroism.
 27075 | Swamp:3  | 27075 ||| INVOKING Heroism.
 27087 | Swamp:3  | Reached skill level 15 in Shields
 27109 | Swamp:3  | 27109 ||| INVOKING Heroism.
 27110 | Swamp:3  | 27110 ||| SWAPPING to +1 eveningstar of protection.
 27111 | Swamp:3  | 27111 ||| INVOKING Finesse.
 27117 | Swamp:3  | 27117 ||| SWAPPING to +5 broad axe of venom.
 27199 | Swamp:3  | Reached XP level 17. HP: 108/108 MP: 24/24
 27342 | Swamp:3  | 27342 ||| INVOKING Heroism.
 27485 | Swamp:3  | 27485 ||| PLANNING SPIDER:1-3
 27485 | Swamp:3  | 27485 ||| DROPPING scarf of shadows.
 27604 | Spider:1 | Entered Level 1 of the Spider Nest
 27606 | Spider:1 | Received a gift from Okawaru
 27608 | Spider:1 | 27608 ||| INVOKING Heroism.
 27789 | Spider:1 | 27789 ||| Stepping ~*~*~tactically~*~*~ (stealth).
 27805 | Spider:1 | 27805 ||| Stepping ~*~*~tactically~*~*~ (stealth).
 27809 | Spider:1 | 27809 ||| Stepping ~*~*~tactically~*~*~ (stealth).
 27815 | Spider:1 | 27815 ||| Stepping ~*~*~tactically~*~*~ (stealth).
 27875 | Spider:1 | 27875 ||| Stepping ~*~*~tactically~*~*~ (stealth).
 28332 | Spider:1 | 28332 ||| Stepping ~*~*~tactically~*~*~ (stealth).
 28333 | Spider:1 | 28333 ||| Stepping ~*~*~tactically~*~*~ (stealth).
 28342 | Spider:1 | Received a gift from Okawaru
 28692 | Spider:1 | 28692 ||| DROPPING amulet of magic regeneration.
 28699 | Spider:2 | 28699 ||| INVOKING Heroism.
 28703 | Spider:2 | 28703 ||| STAIRDANCE
 28712 | Spider:2 | 28712 ||| STAIRDANCE
 28724 | Spider:2 | 28724 ||| DRINKING 16 potions of curing.
 28724 | Spider:2 | 28724 ||| (to cure confusion)
 28741 | Spider:2 | 28741 ||| INVOKING Heroism.
 28772 | Spider:2 | 28772 ||| Stepping ~*~*~tactically~*~*~ (stealth).
 28792 | Spider:2 | 28792 ||| INVOKING Heroism.
 28794 | Spider:2 | Received a gift from Okawaru
 28808 | Spider:2 | 28808 ||| INVOKING Finesse.
 28809 | Spider:2 | 28809 ||| Stepping ~*~*~tactically~*~*~ (stealth).
 28846 | Spider:2 | 28846 ||| INVOKING Finesse.
 28861 | Spider:2 | 28861 ||| Stepping ~*~*~tactically~*~*~ (stealth).
 28862 | Spider:2 | 28862 ||| INVOKING Heroism.
 28871 | Spider:2 | 28871 ||| Stepping ~*~*~tactically~*~*~ (stealth).
 28903 | Spider:2 | 28903 ||| Stepping ~*~*~tactically~*~*~ (hiding).
 28916 | Spider:2 | 28916 ||| INVOKING Heroism.
 28927 | Spider:2 | Reached skill level 6 in Dodging
 28932 | Spider:2 | 28932 ||| Stepping ~*~*~tactically~*~*~ (stealth).
 28935 | Spider:2 | 28935 ||| Stepping ~*~*~tactically~*~*~ (stealth).
 28946 | Spider:2 | Received a gift from Okawaru
 29222 | Spider:2 | 29222 ||| INVOKING Heroism.
 29223 | Spider:2 | 29223 ||| INVOKING Finesse.
 29509 | Spider:3 | 29509 ||| STAIRDANCE
 29525 | Spider:3 | 29525 ||| STAIRDANCE
 29527 | Spider:2 | 29527 ||| INVOKING Heroism.
 29528 | Spider:2 | 29528 ||| INVOKING Finesse.
 29672 | Spider:3 | 29672 ||| INVOKING Heroism.
 29674 | Spider:3 | 29674 ||| STAIRDANCE
 29701 | Spider:3 | 29701 ||| STAIRDANCE
 29724 | Spider:3 | 29724 ||| Stepping ~*~*~tactically~*~*~ (stealth).
 29725 | Spider:3 | 29725 ||| Stepping ~*~*~tactically~*~*~ (stealth).
 29730 | Spider:3 | 29730 ||| INVOKING Finesse.
 29747 | Spider:3 | Reached skill level 13 in Armour
 29748 | Spider:3 | 29748 ||| Stepping ~*~*~tactically~*~*~ (stealth).
 29771 | Spider:3 | 29771 ||| INVOKING Heroism.
 29833 | Spider:3 | 29833 ||| Stepping ~*~*~tactically~*~*~ (stealth).
 29844 | Spider:3 | 29844 ||| INVOKING Heroism.
 29859 | Spider:3 | Received a gift from Okawaru
 29874 | Spider:3 | 29874 ||| INVOKING Finesse.
 29879 | Spider:3 | Reached XP level 18. HP: 62/114 MP: 9/25
 29890 | Spider:3 | Received a gift from Okawaru
 29893 | Spider:3 | HP: 25/114 [emperor scorpion simulacrum (17)]
 29894 | Spider:3 | 29894 ||| READING 5 scrolls of teleportation.
 29895 | Spider:3 | 29895 ||| DRINKING 8 potions of heal wounds.
 29910 | Spider:3 | 29910 ||| FLEEEEING.
 29914 | Spider:3 | HP: 27/114 [radroach (33)]
 29915 | Spider:3 | 29915 ||| READING 4 scrolls of teleportation.
 29965 | Spider:3 | 29965 ||| Stepping ~*~*~tactically~*~*~ (stealth).
 29975 | Spider:3 | 29975 ||| FLEEEEING.
 29976 | Spider:3 | 29976 ||| FLEEEEING.
 29995 | Spider:3 | 29995 ||| DROPPING +1 eveningstar of protection.
 30003 | Spider:3 | 30003 ||| Stepping ~*~*~tactically~*~*~ (stealth).
 30027 | Spider:3 | 30027 ||| INVOKING Finesse.
 30141 | Spider:3 | 30141 ||| READING scroll of brand weapon.
 30141 | Spider:3 | 30141 ||| BRANDING +5 broad axe of venom.
 30314 | Spider:3 | 30314 ||| PLANNING SWAMP:4
 30314 | Spider:3 | 30314 ||| READING scroll labelled WORGHO ZYUFOA.
 30570 | Swamp:4  | Entered Level 4 of the Swamp
 30571 | Swamp:4  | 30571 ||| INVOKING Heroism.
 30614 | Swamp:4  | 30614 ||| Stepping ~*~*~tactically~*~*~ (stealth).
 30615 | Swamp:4  | 30615 ||| Stepping ~*~*~tactically~*~*~ (stealth).
 30628 | Swamp:4  | 30628 ||| INVOKING Heroism.
 30706 | Swamp:4  | 30706 ||| INVOKING Heroism.
 30784 | Swamp:4  | 30784 ||| INVOKING Heroism.
 30806 | Swamp:4  | Reached skill level 18 in Axes
 30820 | Swamp:4  | Found a runed translucent door.
 30862 | Swamp:4  | 30862 ||| Stepping ~*~*~tactically~*~*~ (stealth).
 30863 | Swamp:4  | 30863 ||| Stepping ~*~*~tactically~*~*~ (stealth).
 30920 | Swamp:4  | 30920 ||| INVOKING Heroism.
 30931 | Swamp:4  | 30931 ||| Stepping ~*~*~tactically~*~*~ (cloud).
 31003 | Swamp:4  | 31003 ||| Stepping ~*~*~tactically~*~*~ (stealth).
 31004 | Swamp:4  | 31004 ||| INVOKING Heroism.
 31031 | Swamp:4  | 31031 ||| Stepping ~*~*~tactically~*~*~ (stealth).
 31041 | Swamp:4  | Found a shimmering blue altar of Sif Muna.
 31046 | Swamp:4  | 31046 ||| INVOKING Heroism.
 31048 | Swamp:4  | Received a gift from Okawaru
 31164 | Swamp:4  | 31164 ||| Stepping ~*~*~tactically~*~*~ (hiding).
 31414 | Swamp:4  | Noticed Piask's ghost (adept FoAK)
 31521 | Swamp:4  | 31521 ||| Stepping ~*~*~tactically~*~*~ (cloud).
 31544 | Swamp:4  | 31544 ||| PLANNING SWAMP:1-3
 31561 | Swamp:3  | 31561 ||| PLANNING SWAMP:4
 31563 | Swamp:4  | 31563 ||| PLANNING SWAMP:1-3
 31563 | Swamp:4  | 31563 ||| READING 3 scrolls of teleportation.
 31564 | Swamp:4  | 31564 ||| STAIRDANCE
 31568 | Swamp:3  | 31568 ||| PLANNING SWAMP:4
 31640 | Swamp:4  | 31640 ||| PLANNING SWAMP:1-3
 31661 | Swamp:3  | 31661 ||| PLANNING SWAMP:4
 31663 | Swamp:4  | 31663 ||| PLANNING SWAMP:1-3
 31663 | Swamp:4  | 31663 ||| READING 2 scrolls of teleportation.
 31664 | Swamp:4  | 31664 ||| STAIRDANCE
 31668 | Swamp:3  | 31668 ||| PLANNING SWAMP:4
 31723 | Swamp:4  | 31723 ||| PLANNING SWAMP:1-3
 31739 | Swamp:3  | 31739 ||| PLANNING SWAMP:4
 31741 | Swamp:4  | 31741 ||| PLANNING SWAMP:1-3
 31741 | Swamp:4  | 31741 ||| READING scroll of teleportation.
 31742 | Swamp:4  | 31742 ||| STAIRDANCE
 31746 | Swamp:3  | 31746 ||| PLANNING SWAMP:4
 31781 | Swamp:4  | 31781 ||| PLANNING SWAMP:1-3
 31802 | Swamp:3  | 31802 ||| PLANNING SWAMP:4
 31804 | Swamp:4  | 31804 ||| PLANNING SWAMP:1-3
 31804 | Swamp:4  | 31804 ||| Stepping randomly (stuck).
 31808 | Swamp:3  | 31808 ||| PLANNING SWAMP:4
 31823 | Swamp:4  | 31823 ||| PLANNING SWAMP:1-3
 31840 | Swamp:3  | 31840 ||| PLANNING SWAMP:4
 31842 | Swamp:4  | 31842 ||| PLANNING SWAMP:1-3
 31842 | Swamp:4  | 31842 ||| Stepping randomly (stuck).
 31846 | Swamp:3  | 31846 ||| PLANNING SWAMP:4
 31865 | Swamp:4  | 31865 ||| PLANNING SWAMP:1-3
 31867 | Swamp:4  | 31867 ||| Stepping ~*~*~tactically~*~*~ (cloud).
 31868 | Swamp:4  | 31868 ||| Stepping ~*~*~tactically~*~*~ (cloud).
 31886 | Swamp:3  | 31886 ||| PLANNING SWAMP:4
 31888 | Swamp:4  | 31888 ||| PLANNING SWAMP:1-3
 31888 | Swamp:4  | 31888 ||| Stepping randomly (stuck).
 31892 | Swamp:3  | 31892 ||| PLANNING SWAMP:4
 31907 | Swamp:4  | 31907 ||| PLANNING SWAMP:1-3
 31924 | Swamp:3  | 31924 ||| PLANNING SWAMP:4
 31926 | Swamp:4  | 31926 ||| PLANNING SWAMP:1-3
 31926 | Swamp:4  | 31926 ||| Stepping randomly (stuck).
 31930 | Swamp:3  | 31930 ||| PLANNING SWAMP:4
 31948 | Swamp:4  | 31948 ||| PLANNING SWAMP:1-3
 31968 | Swamp:3  | 31968 ||| PLANNING SWAMP:4
 31970 | Swamp:4  | 31970 ||| PLANNING SWAMP:1-3
 31970 | Swamp:4  | 31970 ||| Stepping randomly (stuck).
 31974 | Swamp:3  | 31974 ||| PLANNING SWAMP:4
 31993 | Swamp:4  | 31993 ||| PLANNING SWAMP:1-3
 32014 | Swamp:3  | 32014 ||| PLANNING SWAMP:4
 32016 | Swamp:4  | 32016 ||| PLANNING SWAMP:1-3
 32016 | Swamp:4  | 32016 ||| Stepping randomly (stuck).
 32020 | Swamp:3  | 32020 ||| PLANNING SWAMP:4
 32033 | Swamp:4  | 32033 ||| PLANNING SWAMP:1-3
 32048 | Swamp:3  | 32048 ||| PLANNING SWAMP:4
 32050 | Swamp:4  | 32050 ||| PLANNING SWAMP:1-3
 32050 | Swamp:4  | 32050 ||| Stepping randomly (stuck).
 32054 | Swamp:3  | 32054 ||| PLANNING SWAMP:4
 32072 | Swamp:4  | 32072 ||| PLANNING SWAMP:1-3
 32073 | Swamp:4  | 32073 ||| Stepping ~*~*~tactically~*~*~ (cloud).
 32092 | Swamp:3  | 32092 ||| PLANNING SWAMP:4
 32094 | Swamp:4  | 32094 ||| PLANNING SWAMP:1-3
 32094 | Swamp:4  | 32094 ||| Stepping randomly (stuck).
 32098 | Swamp:3  | 32098 ||| PLANNING SWAMP:4
 32116 | Swamp:4  | 32116 ||| PLANNING SWAMP:1-3
 32135 | Swamp:3  | 32135 ||| PLANNING SWAMP:4
 32137 | Swamp:4  | 32137 ||| PLANNING SWAMP:1-3
 32137 | Swamp:4  | 32137 ||| Stepping randomly (stuck).
 32141 | Swamp:3  | 32141 ||| PLANNING SWAMP:4
 32156 | Swamp:4  | 32156 ||| PLANNING SWAMP:1-3
 32173 | Swamp:3  | 32173 ||| PLANNING SWAMP:4
 32175 | Swamp:4  | 32175 ||| PLANNING SWAMP:1-3
 32175 | Swamp:4  | 32175 ||| Stepping randomly (stuck).
 32179 | Swamp:3  | 32179 ||| PLANNING SWAMP:4
 32196 | Swamp:4  | 32196 ||| PLANNING SWAMP:1-3
 32215 | Swamp:3  | 32215 ||| PLANNING SWAMP:4
 32217 | Swamp:4  | 32217 ||| PLANNING SWAMP:1-3
 32217 | Swamp:4  | 32217 ||| Stepping randomly (stuck).
 32221 | Swamp:3  | 32221 ||| PLANNING SWAMP:4
 32236 | Swamp:4  | 32236 ||| PLANNING SWAMP:1-3
 32253 | Swamp:3  | 32253 ||| PLANNING SWAMP:4
 32255 | Swamp:4  | 32255 ||| PLANNING SWAMP:1-3
 32255 | Swamp:4  | 32255 ||| Stepping randomly (stuck).
 32259 | Swamp:3  | 32259 ||| PLANNING SWAMP:4
 32273 | Swamp:4  | 32273 ||| PLANNING SWAMP:1-3
 32289 | Swamp:3  | 32289 ||| PLANNING SWAMP:4
 32291 | Swamp:4  | 32291 ||| PLANNING SWAMP:1-3
 32291 | Swamp:4  | 32291 ||| Stepping randomly (stuck).
 32295 | Swamp:3  | 32295 ||| PLANNING SWAMP:4
 32312 | Swamp:4  | 32312 ||| PLANNING SWAMP:1-3
 32331 | Swamp:3  | 32331 ||| PLANNING SWAMP:4
 32333 | Swamp:4  | 32333 ||| PLANNING SWAMP:1-3
 32333 | Swamp:4  | 32333 ||| Stepping randomly (stuck).
 32337 | Swamp:3  | 32337 ||| PLANNING SWAMP:4
 32351 | Swamp:4  | 32351 ||| PLANNING SWAMP:1-3
 32367 | Swamp:3  | 32367 ||| PLANNING SWAMP:4
 32381 | Swamp:4  | 32381 ||| PLANNING SWAMP:1-3
 32397 | Swamp:3  | 32397 ||| PLANNING SWAMP:4
 32399 | Swamp:4  | 32399 ||| PLANNING SWAMP:1-3
 32399 | Swamp:4  | 32399 ||| Stepping randomly (stuck).
 32403 | Swamp:3  | 32403 ||| PLANNING SWAMP:4
 32421 | Swamp:4  | 32421 ||| PLANNING SWAMP:1-3
 32440 | Swamp:3  | 32440 ||| PLANNING SWAMP:4
 32442 | Swamp:4  | 32442 ||| PLANNING SWAMP:1-3
 32442 | Swamp:4  | 32442 ||| Stepping randomly (stuck).
 32446 | Swamp:3  | 32446 ||| PLANNING SWAMP:4
 32467 | Swamp:4  | 32467 ||| PLANNING SWAMP:1-3
 32488 | Swamp:3  | 32488 ||| PLANNING SWAMP:4
 32490 | Swamp:4  | 32490 ||| PLANNING SWAMP:1-3
 32490 | Swamp:4  | 32490 ||| Stepping randomly (stuck).
 32494 | Swamp:3  | 32494 ||| PLANNING SWAMP:4
 32509 | Swamp:4  | 32509 ||| PLANNING SWAMP:1-3
 32526 | Swamp:3  | 32526 ||| PLANNING SWAMP:4
 32528 | Swamp:4  | 32528 ||| PLANNING SWAMP:1-3
 32528 | Swamp:4  | 32528 ||| Stepping randomly (stuck).
 32532 | Swamp:3  | 32532 ||| PLANNING SWAMP:4
 32546 | Swamp:4  | 32546 ||| PLANNING SWAMP:1-3
 32562 | Swamp:3  | 32562 ||| PLANNING SWAMP:4
 32564 | Swamp:4  | 32564 ||| PLANNING SWAMP:1-3
 32564 | Swamp:4  | 32564 ||| Stepping randomly (stuck).
 32568 | Swamp:3  | 32568 ||| PLANNING SWAMP:4
 32581 | Swamp:4  | 32581 ||| PLANNING SWAMP:1-3
 32596 | Swamp:3  | 32596 ||| PLANNING SWAMP:4
 32598 | Swamp:4  | 32598 ||| PLANNING SWAMP:1-3
 32598 | Swamp:4  | 32598 ||| Stepping randomly (stuck).
 32602 | Swamp:3  | 32602 ||| PLANNING SWAMP:4
 32616 | Swamp:4  | 32616 ||| PLANNING SWAMP:1-3
 32632 | Swamp:3  | 32632 ||| PLANNING SWAMP:4
 32634 | Swamp:4  | 32634 ||| PLANNING SWAMP:1-3
 32634 | Swamp:4  | 32634 ||| Stepping randomly (stuck).
 32638 | Swamp:3  | 32638 ||| PLANNING SWAMP:4
 32652 | Swamp:4  | 32652 ||| PLANNING SWAMP:1-3
 32652 | Swamp:4  | 32652 ||| Stepping randomly (stuck).
 32668 | Swamp:3  | 32668 ||| PLANNING SWAMP:4
 32690 | Swamp:4  | 32690 ||| INVOKING Heroism.
 32725 | Swamp:4  | 32725 ||| PLANNING SWAMP:1-3
 32742 | Swamp:3  | 32742 ||| PLANNING SWAMP:4
 32744 | Swamp:4  | 32744 ||| PLANNING SWAMP:1-3
 32746 | Swamp:3  | 32746 ||| PLANNING SWAMP:4
 32748 | Swamp:4  | 32748 ||| PLANNING SWAMP:1-3
 32748 | Swamp:4  | 32748 ||| Stepping randomly (stuck).
 32752 | Swamp:3  | 32752 ||| PLANNING SWAMP:4
 32770 | Swamp:4  | 32770 ||| PLANNING SWAMP:1-3
 32787 | Swamp:3  | 32787 ||| PLANNING SWAMP:4
 32789 | Swamp:4  | 32789 ||| PLANNING SWAMP:1-3
 32789 | Swamp:4  | 32789 ||| Stepping randomly (stuck).
 32793 | Swamp:3  | 32793 ||| PLANNING SWAMP:4
 32806 | Swamp:4  | 32806 ||| PLANNING SWAMP:1-3
 32821 | Swamp:3  | 32821 ||| PLANNING SWAMP:4
 32823 | Swamp:4  | 32823 ||| PLANNING SWAMP:1-3
 32823 | Swamp:4  | 32823 ||| Stepping randomly (stuck).
 32827 | Swamp:3  | 32827 ||| PLANNING SWAMP:4
 32856 | Swamp:4  | 32856 ||| PLANNING SWAMP:1-3
 32877 | Swamp:3  | 32877 ||| PLANNING SWAMP:4
 32879 | Swamp:4  | 32879 ||| PLANNING SWAMP:1-3
 32879 | Swamp:4  | 32879 ||| Stepping randomly (stuck).
 32883 | Swamp:3  | 32883 ||| PLANNING SWAMP:4
 32903 | Swamp:4  | 32903 ||| INVOKING Heroism.
 32951 | Swamp:4  | 32951 ||| PLANNING SWAMP:1-3
 32969 | Swamp:3  | 32969 ||| PLANNING SWAMP:4
 32971 | Swamp:4  | 32971 ||| PLANNING SWAMP:1-3
 32971 | Swamp:4  | 32971 ||| Stepping randomly (stuck).
 32975 | Swamp:3  | 32975 ||| PLANNING SWAMP:4
 32994 | Swamp:4  | 32994 ||| PLANNING SWAMP:1-3
 33014 | Swamp:3  | 33014 ||| PLANNING SWAMP:4
 33016 | Swamp:4  | 33016 ||| PLANNING SWAMP:1-3
 33016 | Swamp:4  | 33016 ||| Stepping randomly (stuck).
 33020 | Swamp:3  | 33020 ||| PLANNING SWAMP:4
 33035 | Swamp:4  | 33035 ||| PLANNING SWAMP:1-3
 33052 | Swamp:3  | 33052 ||| PLANNING SWAMP:4
 33054 | Swamp:4  | 33054 ||| PLANNING SWAMP:1-3
 33054 | Swamp:4  | 33054 ||| Stepping randomly (stuck).
 33058 | Swamp:3  | 33058 ||| PLANNING SWAMP:4
 33079 | Swamp:4  | 33079 ||| PLANNING SWAMP:1-3
 33098 | Swamp:3  | 33098 ||| PLANNING SWAMP:4
 33100 | Swamp:4  | 33100 ||| PLANNING SWAMP:1-3
 33100 | Swamp:4  | 33100 ||| Stepping randomly (stuck).
 33104 | Swamp:3  | 33104 ||| PLANNING SWAMP:4
 33123 | Swamp:4  | 33123 ||| PLANNING SWAMP:1-3
 33125 | Swamp:4  | 33125 ||| Stepping ~*~*~tactically~*~*~ (cloud).
 33144 | Swamp:3  | 33144 ||| PLANNING SWAMP:4
 33146 | Swamp:4  | 33146 ||| Stepping ~*~*~tactically~*~*~ (hiding).
 33158 | Swamp:4  | 33158 ||| Stepping ~*~*~tactically~*~*~ (cloud).
 33159 | Swamp:4  | 33159 ||| INVOKING Heroism.
 33203 | Swamp:4  | 33203 ||| PLANNING SWAMP:1-3
 33205 | Swamp:3  | 33205 ||| PLANNING SWAMP:4
 33207 | Swamp:4  | 33207 ||| PLANNING SWAMP:1-3
 33207 | Swamp:4  | 33207 ||| Stepping randomly (stuck).
 33211 | Swamp:3  | 33211 ||| PLANNING SWAMP:4
 33225 | Swamp:4  | 33225 ||| PLANNING SWAMP:1-3
 33241 | Swamp:3  | 33241 ||| PLANNING SWAMP:4
 33243 | Swamp:4  | 33243 ||| PLANNING SWAMP:1-3
 33243 | Swamp:4  | 33243 ||| Stepping randomly (stuck).
 33247 | Swamp:3  | 33247 ||| PLANNING SWAMP:4
 33270 | Swamp:4  | 33270 ||| PLANNING SWAMP:1-3
 33292 | Swamp:3  | 33292 ||| PLANNING SWAMP:4
 33294 | Swamp:4  | 33294 ||| PLANNING SWAMP:1-3
 33294 | Swamp:4  | 33294 ||| Stepping randomly (stuck).
 33298 | Swamp:3  | 33298 ||| PLANNING SWAMP:4
 33312 | Swamp:4  | 33312 ||| PLANNING SWAMP:1-3
 33328 | Swamp:3  | 33328 ||| PLANNING SWAMP:4
 33330 | Swamp:4  | 33330 ||| PLANNING SWAMP:1-3
 33330 | Swamp:4  | 33330 ||| Stepping randomly (stuck).
 33334 | Swamp:3  | 33334 ||| PLANNING SWAMP:4
 33347 | Swamp:4  | 33347 ||| PLANNING SWAMP:1-3
 33362 | Swamp:3  | 33362 ||| PLANNING SWAMP:4
 33364 | Swamp:4  | 33364 ||| PLANNING SWAMP:1-3
 33364 | Swamp:4  | 33364 ||| Stepping randomly (stuck).
 33368 | Swamp:3  | 33368 ||| PLANNING SWAMP:4
 33391 | Swamp:4  | 33391 ||| PLANNING SWAMP:1-3
 33411 | Swamp:3  | 33411 ||| PLANNING SWAMP:4
 33413 | Swamp:4  | 33413 ||| PLANNING SWAMP:1-3
 33413 | Swamp:4  | 33413 ||| Stepping randomly (stuck).
 33417 | Swamp:3  | 33417 ||| PLANNING SWAMP:4
 33434 | Swamp:4  | 33434 ||| PLANNING SWAMP:1-3
 33450 | Swamp:3  | 33450 ||| PLANNING SWAMP:4
 33452 | Swamp:4  | 33452 ||| PLANNING SWAMP:1-3
 33452 | Swamp:4  | 33452 ||| Stepping randomly (stuck).
 33456 | Swamp:3  | 33456 ||| PLANNING SWAMP:4
 33468 | Swamp:4  | 33468 ||| PLANNING SWAMP:1-3
 33482 | Swamp:3  | 33482 ||| PLANNING SWAMP:4
 33484 | Swamp:4  | 33484 ||| PLANNING SWAMP:1-3
 33484 | Swamp:4  | 33484 ||| Stepping randomly (stuck).
 33488 | Swamp:3  | 33488 ||| PLANNING SWAMP:4
 33504 | Swamp:4  | 33504 ||| PLANNING SWAMP:1-3
 33522 | Swamp:3  | 33522 ||| PLANNING SWAMP:4
 33524 | Swamp:4  | 33524 ||| PLANNING SWAMP:1-3
 33524 | Swamp:4  | 33524 ||| Stepping randomly (stuck).
 33528 | Swamp:3  | 33528 ||| PLANNING SWAMP:4
 33543 | Swamp:4  | 33543 ||| PLANNING SWAMP:1-3
 33560 | Swamp:3  | 33560 ||| PLANNING SWAMP:4
 33562 | Swamp:4  | 33562 ||| PLANNING SWAMP:1-3
 33562 | Swamp:4  | 33562 ||| Stepping randomly (stuck).
 33566 | Swamp:3  | 33566 ||| PLANNING SWAMP:4
 33585 | Swamp:4  | 33585 ||| PLANNING SWAMP:1-3
 33586 | Swamp:4  | 33586 ||| Stepping ~*~*~tactically~*~*~ (cloud).
 33587 | Swamp:4  | 33587 ||| Stepping ~*~*~tactically~*~*~ (cloud).
 33588 | Swamp:4  | 33588 ||| Stepping ~*~*~tactically~*~*~ (cloud).
 33606 | Swamp:3  | 33606 ||| PLANNING SWAMP:4
 33608 | Swamp:4  | 33608 ||| PLANNING SWAMP:1-3
 33608 | Swamp:4  | 33608 ||| Stepping randomly (stuck).
 33612 | Swamp:3  | 33612 ||| PLANNING SWAMP:4
 33633 | Swamp:4  | 33633 ||| PLANNING SWAMP:1-3
 33653 | Swamp:3  | 33653 ||| PLANNING SWAMP:4
 33655 | Swamp:4  | 33655 ||| PLANNING SWAMP:1-3
 33655 | Swamp:4  | 33655 ||| Stepping randomly (stuck).
 33659 | Swamp:3  | 33659 ||| PLANNING SWAMP:4
 33674 | Swamp:4  | 33674 ||| PLANNING SWAMP:1-3
 33674 | Swamp:4  | 33674 ||| Stepping randomly (stuck).
 33690 | Swamp:3  | 33690 ||| PLANNING SWAMP:4
 33703 | Swamp:4  | 33703 ||| PLANNING SWAMP:1-3
 33718 | Swamp:3  | 33718 ||| PLANNING SWAMP:4
 33720 | Swamp:4  | 33720 ||| PLANNING SWAMP:1-3
 33720 | Swamp:4  | 33720 ||| Stepping randomly (stuck).
 33724 | Swamp:3  | 33724 ||| PLANNING SWAMP:4
 33742 | Swamp:4  | 33742 ||| PLANNING SWAMP:1-3
 33762 | Swamp:3  | 33762 ||| PLANNING SWAMP:4
 33764 | Swamp:4  | 33764 ||| PLANNING SWAMP:1-3
 33764 | Swamp:4  | 33764 ||| Stepping randomly (stuck).
 33768 | Swamp:3  | 33768 ||| PLANNING SWAMP:4
 33781 | Swamp:4  | 33781 ||| PLANNING SWAMP:1-3
 33796 | Swamp:3  | 33796 ||| PLANNING SWAMP:4
 33812 | Swamp:4  | 33812 ||| PLANNING SWAMP:1-3
 33830 | Swamp:3  | 33830 ||| PLANNING SWAMP:4
 33832 | Swamp:4  | 33832 ||| PLANNING SWAMP:1-3
 33832 | Swamp:4  | 33832 ||| Stepping randomly (stuck).
 33836 | Swamp:3  | 33836 ||| PLANNING SWAMP:4
 33852 | Swamp:4  | 33852 ||| PLANNING SWAMP:1-3
 33870 | Swamp:3  | 33870 ||| PLANNING SWAMP:4
 33872 | Swamp:4  | 33872 ||| PLANNING SWAMP:1-3
 33872 | Swamp:4  | 33872 ||| Stepping randomly (stuck).
 33876 | Swamp:3  | 33876 ||| PLANNING SWAMP:4
 33891 | Swamp:4  | 33891 ||| PLANNING SWAMP:1-3
 33908 | Swamp:3  | 33908 ||| PLANNING SWAMP:4
 33910 | Swamp:4  | 33910 ||| PLANNING SWAMP:1-3
 33910 | Swamp:4  | 33910 ||| Stepping randomly (stuck).
 33914 | Swamp:3  | 33914 ||| PLANNING SWAMP:4
 33928 | Swamp:4  | 33928 ||| PLANNING SWAMP:1-3
 33944 | Swamp:3  | 33944 ||| PLANNING SWAMP:4
 33946 | Swamp:4  | 33946 ||| PLANNING SWAMP:1-3
 33946 | Swamp:4  | 33946 ||| Stepping randomly (stuck).
 33950 | Swamp:3  | 33950 ||| PLANNING SWAMP:4
 33966 | Swamp:4  | 33966 ||| PLANNING SWAMP:1-3
 33984 | Swamp:3  | 33984 ||| PLANNING SWAMP:4
 33986 | Swamp:4  | 33986 ||| PLANNING SWAMP:1-3
 33986 | Swamp:4  | 33986 ||| Stepping randomly (stuck).
 33990 | Swamp:3  | 33990 ||| PLANNING SWAMP:4
 34010 | Swamp:4  | 34010 ||| Stepping ~*~*~tactically~*~*~ (cloud).
 34011 | Swamp:4  | 34011 ||| PLANNING SWAMP:1-3
 34031 | Swamp:3  | 34031 ||| PLANNING SWAMP:4
 34033 | Swamp:4  | 34033 ||| PLANNING SWAMP:1-3
 34033 | Swamp:4  | 34033 ||| Stepping randomly (stuck).
 34037 | Swamp:3  | 34037 ||| PLANNING SWAMP:4
 34055 | Swamp:4  | 34055 ||| PLANNING SWAMP:1-3
 34074 | Swamp:3  | 34074 ||| PLANNING SWAMP:4
 34076 | Swamp:4  | 34076 ||| PLANNING SWAMP:1-3
 34076 | Swamp:4  | 34076 ||| Stepping randomly (stuck).
 34080 | Swamp:3  | 34080 ||| PLANNING SWAMP:4
 34096 | Swamp:4  | 34096 ||| PLANNING SWAMP:1-3
 34114 | Swamp:3  | 34114 ||| PLANNING SWAMP:4
 34116 | Swamp:4  | 34116 ||| PLANNING SWAMP:1-3
 34116 | Swamp:4  | 34116 ||| Stepping randomly (stuck).
 34120 | Swamp:3  | 34120 ||| PLANNING SWAMP:4
 34139 | Swamp:4  | 34139 ||| PLANNING SWAMP:1-3
 34159 | Swamp:3  | 34159 ||| PLANNING SWAMP:4
 34161 | Swamp:4  | 34161 ||| PLANNING SWAMP:1-3
 34161 | Swamp:4  | 34161 ||| Stepping randomly (stuck).
 34165 | Swamp:3  | 34165 ||| PLANNING SWAMP:4
 34180 | Swamp:4  | 34180 ||| PLANNING SWAMP:1-3
 34197 | Swamp:3  | 34197 ||| PLANNING SWAMP:4
 34199 | Swamp:4  | 34199 ||| PLANNING SWAMP:1-3
 34199 | Swamp:4  | 34199 ||| Stepping randomly (stuck).
 34203 | Swamp:3  | 34203 ||| PLANNING SWAMP:4
 34220 | Swamp:4  | 34220 ||| PLANNING SWAMP:1-3
 34239 | Swamp:3  | 34239 ||| PLANNING SWAMP:4
 34241 | Swamp:4  | 34241 ||| PLANNING SWAMP:1-3
 34241 | Swamp:4  | 34241 ||| Stepping randomly (stuck).
 34245 | Swamp:3  | 34245 ||| PLANNING SWAMP:4
 34263 | Swamp:4  | 34263 ||| PLANNING SWAMP:1-3
 34283 | Swamp:3  | 34283 ||| PLANNING SWAMP:4
 34285 | Swamp:4  | 34285 ||| PLANNING SWAMP:1-3
 34285 | Swamp:4  | 34285 ||| Stepping randomly (stuck).
 34289 | Swamp:3  | 34289 ||| PLANNING SWAMP:4
 34304 | Swamp:4  | 34304 ||| PLANNING SWAMP:1-3
 34321 | Swamp:3  | 34321 ||| PLANNING SWAMP:4
 34323 | Swamp:4  | 34323 ||| PLANNING SWAMP:1-3
 34323 | Swamp:4  | 34323 ||| Stepping randomly (stuck).
 34327 | Swamp:3  | 34327 ||| PLANNING SWAMP:4
 34347 | Swamp:4  | 34347 ||| Stepping randomly (Swamp:4).
 34348 | Swamp:4  | 34348 ||| Stepping ~*~*~tactically~*~*~ (cloud).
 34349 | Swamp:4  | 34349 ||| PLANNING SWAMP:1-3
 34367 | Swamp:3  | 34367 ||| PLANNING SWAMP:4
 34369 | Swamp:4  | 34369 ||| PLANNING SWAMP:1-3
 34369 | Swamp:4  | 34369 ||| Stepping randomly (stuck).
 34373 | Swamp:3  | 34373 ||| PLANNING SWAMP:4
 34388 | Swamp:4  | 34388 ||| Stepping ~*~*~tactically~*~*~ (stealth).
 34389 | Swamp:4  | 34389 ||| PLANNING SWAMP:1-3
 34390 | Swamp:4  | 34390 ||| Stepping ~*~*~tactically~*~*~ (stealth).
 34409 | Swamp:3  | 34409 ||| PLANNING SWAMP:4
 34411 | Swamp:4  | 34411 ||| PLANNING SWAMP:1-3
 34411 | Swamp:4  | 34411 ||| Stepping randomly (stuck).
 34415 | Swamp:3  | 34415 ||| PLANNING SWAMP:4
 34431 | Swamp:4  | 34431 ||| PLANNING SWAMP:1-3
 34449 | Swamp:3  | 34449 ||| PLANNING SWAMP:4
 34451 | Swamp:4  | 34451 ||| PLANNING SWAMP:1-3
 34451 | Swamp:4  | 34451 ||| Stepping randomly (stuck).
 34455 | Swamp:3  | 34455 ||| PLANNING SWAMP:4
 34471 | Swamp:4  | 34471 ||| PLANNING SWAMP:1-3
 34489 | Swamp:3  | 34489 ||| PLANNING SWAMP:4
 34491 | Swamp:4  | 34491 ||| PLANNING SWAMP:1-3
 34491 | Swamp:4  | 34491 ||| Stepping randomly (stuck).
 34495 | Swamp:3  | 34495 ||| PLANNING SWAMP:4
 34510 | Swamp:4  | 34510 ||| PLANNING SWAMP:1-3
 34527 | Swamp:3  | 34527 ||| PLANNING SWAMP:4
 34529 | Swamp:4  | 34529 ||| PLANNING SWAMP:1-3
 34529 | Swamp:4  | 34529 ||| Stepping randomly (stuck).
 34533 | Swamp:3  | 34533 ||| PLANNING SWAMP:4
 34550 | Swamp:4  | 34550 ||| PLANNING SWAMP:1-3
 34569 | Swamp:3  | 34569 ||| PLANNING SWAMP:4
 34571 | Swamp:4  | 34571 ||| PLANNING SWAMP:1-3
 34571 | Swamp:4  | 34571 ||| Stepping randomly (stuck).
 34575 | Swamp:3  | 34575 ||| PLANNING SWAMP:4
 34590 | Swamp:4  | 34590 ||| PLANNING SWAMP:1-3
 34607 | Swamp:3  | 34607 ||| PLANNING SWAMP:4
 34609 | Swamp:4  | 34609 ||| PLANNING SWAMP:1-3
 34609 | Swamp:4  | 34609 ||| Stepping randomly (stuck).
 34613 | Swamp:3  | 34613 ||| PLANNING SWAMP:4
 34628 | Swamp:4  | 34628 ||| PLANNING SWAMP:1-3
 34645 | Swamp:3  | 34645 ||| PLANNING SWAMP:4
 34647 | Swamp:4  | 34647 ||| PLANNING SWAMP:1-3
 34647 | Swamp:4  | 34647 ||| Stepping randomly (stuck).
 34651 | Swamp:3  | 34651 ||| PLANNING SWAMP:4
 34666 | Swamp:4  | 34666 ||| PLANNING SWAMP:1-3
 34683 | Swamp:3  | 34683 ||| PLANNING SWAMP:4
 34685 | Swamp:4  | 34685 ||| PLANNING SWAMP:1-3
 34685 | Swamp:4  | 34685 ||| Stepping randomly (stuck).
 34689 | Swamp:3  | 34689 ||| PLANNING SWAMP:4
 34713 | Swamp:4  | 34713 ||| Stepping ~*~*~tactically~*~*~ (cloud).
 34714 | Swamp:4  | 34714 ||| Stepping ~*~*~tactically~*~*~ (cloud).
 34715 | Swamp:4  | 34715 ||| PLANNING SWAMP:1-3
 34737 | Swamp:3  | 34737 ||| PLANNING SWAMP:4
 34739 | Swamp:4  | 34739 ||| PLANNING SWAMP:1-3
 34739 | Swamp:4  | 34739 ||| Stepping randomly (stuck).
 34743 | Swamp:3  | 34743 ||| PLANNING SWAMP:4
 34761 | Swamp:4  | 34761 ||| PLANNING SWAMP:1-3
 34781 | Swamp:3  | 34781 ||| PLANNING SWAMP:4
 34783 | Swamp:4  | 34783 ||| PLANNING SWAMP:1-3
 34783 | Swamp:4  | 34783 ||| Stepping randomly (stuck).
 34787 | Swamp:3  | 34787 ||| PLANNING SWAMP:4
 34810 | Swamp:4  | 34810 ||| Stepping ~*~*~tactically~*~*~ (cloud).
 34812 | Swamp:4  | 34812 ||| Stepping ~*~*~tactically~*~*~ (cloud).
 34824 | Swamp:4  | 34824 ||| INVOKING Heroism.
 34825 | Swamp:4  | 34825 ||| INVOKING Finesse.
 34904 | Swamp:4  | Got a decaying rune of Zot
 34910 | Swamp:4  | 34910 ||| PLANNING VAULTS:1-4
 34951 | Swamp:4  | 34951 ||| Stepping ~*~*~tactically~*~*~ (cloud).
 34952 | Swamp:4  | 34952 ||| Stepping ~*~*~tactically~*~*~ (cloud).
 34953 | Swamp:4  | 34953 ||| Stepping ~*~*~tactically~*~*~ (cloud).
 35210 | Vaults:1 | Entered Level 1 of the Vaults
 35234 | Vaults:1 | 35234 ||| INVOKING Heroism.
 35459 | Vaults:1 | 35459 ||| READING scroll of enchant weapon.
 35459 | Vaults:1 | 35459 ||| ENCHANTING +5 broad axe of freezing.
 35490 | Vaults:1 | 35490 ||| INVOKING Heroism.
 35512 | Vaults:1 | 35512 ||| Stepping ~*~*~tactically~*~*~ (stealth).
 35515 | Vaults:1 | 35515 ||| Stepping ~*~*~tactically~*~*~ (stealth).
 35529 | Vaults:1 | Reached skill level 18 in Shields
 35533 | Vaults:1 | 35533 ||| INVOKING Finesse.
 35564 | Vaults:1 | 35564 ||| INVOKING Heroism.
 35573 | Vaults:1 | 35573 ||| Stepping ~*~*~tactically~*~*~ (hiding).
 35676 | Vaults:1 | 35676 ||| Stepping ~*~*~tactically~*~*~ (hiding).
 35679 | Vaults:1 | 35679 ||| INVOKING Heroism.
 35921 | Vaults:1 | 35921 ||| Stepping ~*~*~tactically~*~*~ (stealth).
 35926 | Vaults:1 | 35926 ||| Stepping ~*~*~tactically~*~*~ (hiding).
 35927 | Vaults:1 | 35927 ||| Stepping ~*~*~tactically~*~*~ (hiding).
 35929 | Vaults:1 | 35929 ||| INVOKING Heroism.
 35935 | Vaults:1 | Received a gift from Okawaru
 35943 | Vaults:1 | Reached skill level 14 in Armour
 35946 | Vaults:1 | Identified the +1 helmet of Patience {rN+ Regen+ Dex+4}
                  | (Okawaru gifted it to you on level 1 of the Vaults)
 35946 | Vaults:1 | Received a gift from Okawaru
 36018 | Vaults:1 | 36018 ||| Stepping ~*~*~tactically~*~*~ (stealth).
 36025 | Vaults:1 | 36025 ||| INVOKING Finesse.
 36072 | Vaults:1 | 36072 ||| Stepping ~*~*~tactically~*~*~ (stealth).
 36175 | Vaults:1 | 36175 ||| Stepping ~*~*~tactically~*~*~ (hiding).
 36318 | Vaults:1 | Identified the ring "Paskop" {MP+9 Int+6 Slay+2}
 36342 | Vaults:1 | Found Vuwkurghuu's Distillery.
 36351 | Vaults:1 | 36351 ||| BUYING 2 potions of attraction (126 gold).
 36351 | Vaults:1 | Bought 2 potions of attraction for 126 gold pieces
 36351 | Vaults:1 | 36351 ||| BUYING 2 potions of heal wounds (210 gold).
 36351 | Vaults:1 | Bought 2 potions of heal wounds for 210 gold pieces
 36351 | Vaults:1 | 36351 ||| BUYING potion of cancellation (168 gold).
 36351 | Vaults:1 | Bought a potion of cancellation for 168 gold pieces
 36351 | Vaults:1 | 36351 ||| BUYING potion of curing (63 gold).
 36351 | Vaults:1 | Bought a potion of curing for 63 gold pieces
 36351 | Vaults:1 | 36351 ||| BUYING potion of lignification (63 gold).
 36351 | Vaults:1 | Bought a potion of lignification for 63 gold pieces
 36351 | Vaults:1 | 36351 ||| BUYING potion of resistance (210 gold).
 36351 | Vaults:1 | Bought a potion of resistance for 210 gold pieces
 36418 | Vaults:1 | Found Butos's Antique Weapon Shoppe.
 36662 | Vaults:1 | 36662 ||| DROPPING +3 scale mail of cold resistance.
 36663 | Vaults:1 | 36663 ||| UPGRADING to +1 helmet of Patience {rN+ Regen+
                  | Dex+4}.
 36673 | Vaults:1 | 36673 ||| UPGRADING to +3 plate armour.
 36683 | Vaults:1 | 36683 ||| DROPPING +0 plate armour.
 36684 | Vaults:1 | 36684 ||| DROPPING +2 pair of gloves.
 36685 | Vaults:1 | 36685 ||| DROPPING +2 helmet.
 36686 | Vaults:1 | 36686 ||| DROPPING ring "Paskop" {MP+9 Int+6 Slay+2}.
 36717 | Vaults:2 | 36717 ||| PLANNING BAZAAR
 36798 | Vaults:2 | 36798 ||| FLEEEEING.
 36801 | Vaults:2 | 36801 ||| FLEEEEING.
 36802 | Vaults:2 | 36802 ||| FLEEEEING.
 36803 | Vaults:2 | 36803 ||| FLEEEEING.
 36804 | Vaults:2 | 36804 ||| FLEEEEING.
 36805 | Vaults:2 | 36805 ||| FLEEEEING.
 36806 | Vaults:2 | 36806 ||| FLEEEEING.
 36807 | Vaults:2 | 36807 ||| FLEEEEING.
 36808 | Vaults:2 | 36808 ||| FLEEEEING.
 36810 | Vaults:2 | 36810 ||| INVOKING Heroism.
 36820 | Vaults:2 | 36820 ||| INVOKING Finesse.
 36837 | Vaults:2 | Reached XP level 19. HP: 115/121 MP: 21/26
 37069 | Vaults:2 | 37069 ||| Stepping ~*~*~tactically~*~*~ (hiding).
 37191 | Vaults:2 | 37191 ||| INVOKING Heroism.
 37191 | Vaults:2 | Noticed Sojobo
 37192 | Vaults:2 | 37192 ||| INVOKING Finesse.
 37193 | Vaults:2 | 37193 ||| INVOKING Finesse.
 37198 | Vaults:2 | Paralysed by an air elemental for 1 turns
 37214 | Vaults:2 | Killed Sojobo
 37222 | Vaults:2 | Reached skill level 15 in Fighting
 37297 | Vaults:2 | Found a transporter.
 37349 | Vaults:2 | 37349 ||| INVOKING Heroism.
 37404 | Vaults:2 | 37404 ||| INVOKING Heroism.
 37445 | Vaults:2 | 37445 ||| Stepping ~*~*~tactically~*~*~ (hiding).
 37446 | Vaults:2 | 37446 ||| Stepping ~*~*~tactically~*~*~ (hiding).
 37617 | Vaults:2 | Found a flickering gateway to a bazaar.
 37618 | Vaults:2 | 37618 ||| DROPPING +4 ring of protection.
 37779 | Vaults:2 | 37779 ||| Stepping ~*~*~tactically~*~*~ (hiding).
 37785 | Vaults:2 | 37785 ||| INVOKING Heroism.
 37786 | Vaults:2 | 37786 ||| INVOKING Finesse.
 37867 | Vaults:2 | 37867 ||| Stepping ~*~*~tactically~*~*~ (hiding).
 37870 | Vaults:2 | 37870 ||| INVOKING Heroism.
 37872 | Vaults:2 | 37872 ||| INVOKING Finesse.
 37877 | Vaults:2 | Received a gift from Okawaru
 37898 | Vaults:2 | 37898 ||| RIP BAZAAR
 37930 | Vaults:2 | 37930 ||| PLANNING VAULTS:1-4
 37966 | Vaults:2 | 37966 ||| INVOKING Heroism.
 37995 | Vaults:2 | Reached skill level 15 in Armour
 37997 | Vaults:2 | 37997 ||| INVOKING Finesse.
 38278 | Vaults:2 | 38278 ||| FLEEEEING.
 38279 | Vaults:2 | 38279 ||| FLEEEEING.
 38280 | Vaults:2 | 38280 ||| FLEEEEING.
 38281 | Vaults:2 | 38281 ||| FLEEEEING.
 38288 | Vaults:2 | 38288 ||| FLEEEEING.
 38289 | Vaults:2 | 38289 ||| FLEEEEING.
 38295 | Vaults:2 | 38295 ||| FLEEEEING.
 38296 | Vaults:2 | 38296 ||| FLEEEEING.
 38297 | Vaults:2 | 38297 ||| FLEEEEING.
 38298 | Vaults:2 | 38298 ||| FLEEEEING.
 38299 | Vaults:2 | 38299 ||| FLEEEEING.
 38300 | Vaults:2 | 38300 ||| FLEEEEING.
 38301 | Vaults:2 | 38301 ||| FLEEEEING.
 38302 | Vaults:2 | 38302 ||| FLEEEEING.
 38303 | Vaults:2 | 38303 ||| FLEEEEING.
 38304 | Vaults:2 | 38304 ||| FLEEEEING.
 38305 | Vaults:2 | 38305 ||| FLEEEEING.
 38306 | Vaults:2 | 38306 ||| FLEEEEING.
 38307 | Vaults:2 | 38307 ||| FLEEEEING.
 38308 | Vaults:2 | 38308 ||| FLEEEEING.
 38314 | Vaults:2 | 38314 ||| FLEEEEING.
 38315 | Vaults:2 | 38315 ||| FLEEEEING.
 38316 | Vaults:2 | 38316 ||| FLEEEEING.
 38317 | Vaults:2 | 38317 ||| FLEEEEING.
 38318 | Vaults:2 | 38318 ||| FLEEEEING.
 38319 | Vaults:2 | 38319 ||| FLEEEEING.
 38320 | Vaults:2 | 38320 ||| FLEEEEING.
 38321 | Vaults:2 | 38321 ||| FLEEEEING.
 38322 | Vaults:2 | 38322 ||| FLEEEEING.
 38581 | Vaults:3 | 38581 ||| INVOKING Heroism.
 38621 | Vaults:3 | 38621 ||| Stepping ~*~*~tactically~*~*~ (hiding).
 38632 | Vaults:3 | 38632 ||| INVOKING Heroism.
 38652 | Vaults:3 | Received a gift from Okawaru
 38667 | Vaults:3 | 38667 ||| SWAPPING to +2 vampiric broad axe.
 38674 | Vaults:3 | 38674 ||| Stepping ~*~*~tactically~*~*~ (stealth).
 38683 | Vaults:3 | 38683 ||| Stepping ~*~*~tactically~*~*~ (stealth).
 38754 | Vaults:3 | 38754 ||| INVOKING Heroism.
 38755 | Vaults:3 | 38755 ||| Stepping ~*~*~tactically~*~*~ (hiding).
 38756 | Vaults:3 | 38756 ||| INVOKING Finesse.
 38803 | Vaults:3 | 38803 ||| Stepping ~*~*~tactically~*~*~ (stealth).
 38843 | Vaults:3 | 38843 ||| Stepping ~*~*~tactically~*~*~ (stealth).
 38861 | Vaults:3 | 38861 ||| INVOKING Heroism.
 38901 | Vaults:3 | 38901 ||| INVOKING Heroism.
 38908 | Vaults:3 | 38908 ||| INVOKING Finesse.
 38940 | Vaults:3 | Received a gift from Okawaru
 38963 | Vaults:3 | Reached skill level 9 in Dodging
 38977 | Vaults:3 | 38977 ||| INVOKING Heroism.
 39174 | Vaults:3 | Found Epsuarin's General Store.
 39181 | Vaults:3 | 39181 ||| BUYING potion of cancellation (104 gold).
 39181 | Vaults:3 | Bought a potion of cancellation for 104 gold pieces
 39319 | Vaults:3 | 39319 ||| INVOKING Heroism.
 39320 | Vaults:3 | 39320 ||| INVOKING Finesse.
 39594 | Vaults:3 | 39594 ||| FLEEEEING.
 39595 | Vaults:3 | 39595 ||| FLEEEEING.
 39596 | Vaults:3 | 39596 ||| FLEEEEING.
 39597 | Vaults:3 | 39597 ||| FLEEEEING.
 39598 | Vaults:3 | 39598 ||| FLEEEEING.
 39599 | Vaults:3 | 39599 ||| FLEEEEING.
 39600 | Vaults:3 | 39600 ||| FLEEEEING.
 39607 | Vaults:3 | 39607 ||| FLEEEEING.
 39608 | Vaults:3 | 39608 ||| FLEEEEING.
 39609 | Vaults:3 | 39609 ||| FLEEEEING.
 39610 | Vaults:3 | 39610 ||| FLEEEEING.
 39611 | Vaults:3 | 39611 ||| FLEEEEING.
 39612 | Vaults:3 | 39612 ||| FLEEEEING.
 39618 | Vaults:3 | 39618 ||| FLEEEEING.
 39619 | Vaults:3 | 39619 ||| FLEEEEING.
 39621 | Vaults:3 | 39621 ||| STAIRDANCE
 39767 | Vaults:3 | 39767 ||| Stepping ~*~*~tactically~*~*~ (hiding).
 39768 | Vaults:3 | 39768 ||| INVOKING Heroism.
 39781 | Vaults:3 | Reached XP level 20. HP: 107/131 MP: 27/27
 39801 | Vaults:3 | 39801 ||| Stepping ~*~*~tactically~*~*~ (stealth).
 39804 | Vaults:3 | 39804 ||| Stepping ~*~*~tactically~*~*~ (hiding).
 40013 | Vaults:3 | Found a staircase to the Crypt.
 40182 | Vaults:3 | 40182 ||| FLEEEEING.
 40183 | Vaults:3 | 40183 ||| FLEEEEING.
 40184 | Vaults:3 | 40184 ||| FLEEEEING.
 40185 | Vaults:3 | 40185 ||| FLEEEEING.
 40186 | Vaults:3 | 40186 ||| FLEEEEING.
 40187 | Vaults:3 | 40187 ||| FLEEEEING.
 40191 | Vaults:3 | 40191 ||| FLEEEEING.
 40192 | Vaults:3 | 40192 ||| FLEEEEING.
 40195 | Vaults:3 | 40195 ||| FLEEEEING.
 40198 | Vaults:3 | 40198 ||| FLEEEEING.
 40264 | Vaults:3 | Found a portal to a secret trove of treasure.
 40268 | Vaults:3 | 40268 ||| UPGRADING to +0 cloak of willpower.
 40331 | Vaults:4 | 40331 ||| Stepping ~*~*~tactically~*~*~ (hiding).
 40337 | Vaults:4 | 40337 ||| INVOKING Heroism.
 40401 | Vaults:4 | 40401 ||| Stepping ~*~*~tactically~*~*~ (stealth).
 40402 | Vaults:4 | 40402 ||| Stepping ~*~*~tactically~*~*~ (stealth).
 40403 | Vaults:4 | 40403 ||| Stepping ~*~*~tactically~*~*~ (stealth).
 40477 | Vaults:4 | 40477 ||| INVOKING Heroism.
 40484 | Vaults:4 | Reached skill level 16 in Armour
 40502 | Vaults:4 | 40502 ||| INVOKING Finesse.
 40602 | Vaults:4 | 40602 ||| INVOKING Heroism.
 40667 | Vaults:4 | Found Quczajoot's General Store.
 40670 | Vaults:4 | 40670 ||| BUYING 2 potions of curing (72 gold).
 40670 | Vaults:4 | Bought 2 potions of curing for 72 gold pieces
 40712 | Vaults:4 | Received a gift from Okawaru
 40720 | Vaults:4 | 40720 ||| INVOKING Heroism.
 40761 | Vaults:4 | Found Vuabb's Antique Armour Boutique.
 40769 | Vaults:4 | 40769 ||| BUYING runed helmet (307 gold).
 40769 | Vaults:4 | Bought a runed helmet for 307 gold pieces
 40769 | Vaults:4 | 40769 ||| SHOPLISTING runed plate armour (1066 gold, have
                  | 890).
 40769 | Vaults:4 | 40769 ||| SHOPLISTING shimmering plate armour (1148 gold,
                  | have 890).
 40810 | Vaults:4 | 40810 ||| INVOKING Heroism.
 40865 | Vaults:4 | Received a gift from Okawaru
 40945 | Vaults:4 | 40945 ||| INVOKING Heroism.
 40992 | Vaults:4 | Found Aghaiz's General Store.
 41000 | Vaults:4 | 41000 ||| BUYING potion of cancellation (88 gold).
 41000 | Vaults:4 | Bought a potion of cancellation for 88 gold pieces
 41000 | Vaults:4 | 41000 ||| BUYING potion of lignification (33 gold).
 41000 | Vaults:4 | Bought a potion of lignification for 33 gold pieces
 41000 | Vaults:4 | 41000 ||| BUYING potion of magic (88 gold).
 41000 | Vaults:4 | Bought a potion of magic for 88 gold pieces
 41050 | Vaults:4 | 41050 ||| INVOKING Heroism.
 41243 | Vaults:4 | 41243 ||| INVOKING Heroism.
 41276 | Vaults:4 | 41276 ||| Stepping ~*~*~tactically~*~*~ (hiding).
 41319 | Vaults:4 | 41319 ||| Stepping ~*~*~tactically~*~*~ (stealth).
 41321 | Vaults:4 | 41321 ||| Stepping ~*~*~tactically~*~*~ (hiding).
 41428 | Vaults:4 | 41428 ||| PLANNING SPIDER:4
 41428 | Vaults:4 | 41428 ||| DROPPING +1 helmet.
 41429 | Vaults:4 | 41429 ||| UPGRADING to +2 tower shield.
 41439 | Vaults:4 | 41439 ||| DROPPING +0 tower shield.
 41736 | Spider:4 | Entered Level 4 of the Spider Nest
 41792 | Spider:4 | 41792 ||| Stepping ~*~*~tactically~*~*~ (hiding).
 41795 | Spider:4 | 41795 ||| Stepping ~*~*~tactically~*~*~ (hiding).
 41837 | Spider:4 | 41837 ||| Stepping ~*~*~tactically~*~*~ (stealth).
 41839 | Spider:4 | 41839 ||| Stepping ~*~*~tactically~*~*~ (stealth).
 41841 | Spider:4 | 41841 ||| INVOKING Finesse.
 41940 | Spider:4 | Noticed Nikola
 41941 | Spider:4 | 41941 ||| Stepping ~*~*~tactically~*~*~ (hiding).
 41949 | Spider:4 | Noticed Arachne
 41952 | Spider:4 | 41952 ||| INVOKING Heroism.
 41960 | Spider:4 | 41960 ||| Stepping ~*~*~tactically~*~*~ (hiding).
 41961 | Spider:4 | 41961 ||| Stepping ~*~*~tactically~*~*~ (hiding).
 41964 | Spider:4 | 41964 ||| INVOKING Finesse.
 41965 | Spider:4 | 41965 ||| INVOKING Finesse.
 41972 | Spider:4 | Killed Nikola
 41973 | Spider:4 | 41973 ||| Stepping ~*~*~tactically~*~*~ (hiding).
 41987 | Spider:4 | Killed Arachne
 41996 | Spider:4 | Received a gift from Okawaru
 42016 | Spider:4 | 42016 ||| READING 3 scrolls of teleportation.
 42019 | Spider:4 | 42019 ||| INVOKING Heroism.
 42029 | Spider:4 | Reached skill level 17 in Armour
 42100 | Spider:4 | 42100 ||| Stepping ~*~*~tactically~*~*~ (stealth).
 42256 | Spider:4 | 42256 ||| Stepping ~*~*~tactically~*~*~ (hiding).
 42364 | Spider:4 | Noticed Aizul
 42365 | Spider:4 | 42365 ||| INVOKING Heroism.
 42390 | Spider:4 | Killed Aizul
 42477 | Spider:4 | 42477 ||| FLEEEEING.
 42478 | Spider:4 | 42478 ||| FLEEEEING.
 42484 | Spider:4 | 42484 ||| FLEEEEING.
 42485 | Spider:4 | 42485 ||| FLEEEEING.
 42486 | Spider:4 | 42486 ||| FLEEEEING.
 42488 | Spider:4 | 42488 ||| FLEEEEING.
 42489 | Spider:4 | 42489 ||| FLEEEEING.
 42490 | Spider:4 | 42490 ||| FLEEEEING.
 42491 | Spider:4 | 42491 ||| FLEEEEING.
 42492 | Spider:4 | 42492 ||| FLEEEEING.
 42494 | Spider:4 | 42494 ||| FLEEEEING.
 42495 | Spider:4 | 42495 ||| FLEEEEING.
 42496 | Spider:4 | 42496 ||| FLEEEEING.
 42497 | Spider:4 | 42497 ||| FLEEEEING.
 42498 | Spider:4 | 42498 ||| FLEEEEING.
 42499 | Spider:4 | 42499 ||| FLEEEEING.
 42500 | Spider:4 | 42500 ||| FLEEEEING.
 42501 | Spider:4 | 42501 ||| FLEEEEING.
 42502 | Spider:4 | 42502 ||| FLEEEEING.
 42503 | Spider:4 | 42503 ||| FLEEEEING.
 42504 | Spider:4 | 42504 ||| FLEEEEING.
 42505 | Spider:4 | 42505 ||| FLEEEEING.
 42506 | Spider:4 | 42506 ||| FLEEEEING.
 42507 | Spider:4 | 42507 ||| FLEEEEING.
 42508 | Spider:4 | 42508 ||| FLEEEEING.
 42509 | Spider:4 | 42509 ||| FLEEEEING.
 42510 | Spider:4 | 42510 ||| FLEEEEING.
 42511 | Spider:4 | 42511 ||| FLEEEEING.
 42512 | Spider:4 | 42512 ||| FLEEEEING.
 42513 | Spider:4 | 42513 ||| FLEEEEING.
 42514 | Spider:4 | 42514 ||| FLEEEEING.
 42547 | Spider:4 | 42547 ||| Stepping ~*~*~tactically~*~*~ (stealth).
 42549 | Spider:4 | 42549 ||| Stepping ~*~*~tactically~*~*~ (hiding).
 42707 | Spider:4 | 42707 ||| Stepping ~*~*~tactically~*~*~ (hiding).
 42919 | Spider:4 | 42919 ||| INVOKING Heroism.
 42928 | Spider:4 | Reached XP level 21. HP: 140/140 MP: 26/28
 42932 | Spider:4 | Reached skill level 18 in Fighting
 42959 | Spider:4 | Received a gift from Okawaru
 42973 | Spider:4 | Identified the +2 hat "Ezimaet" {Rampage rC+ rN+}
 42990 | Spider:4 | Got a gossamer rune of Zot
 43040 | Spider:4 | 43040 ||| PLANNING DEPTHS
 43040 | Spider:4 | 43040 ||| DROPPING +1 pair of gloves of stealth.
 43041 | Spider:4 | 43041 ||| DROPPING +2 hat.
 43347 | Depths:1 | Entered Level 1 of the Depths
 43373 | Depths:1 | 43373 ||| INVOKING Heroism.
 43374 | Depths:1 | 43374 ||| INVOKING Finesse.
 43394 | Depths:1 | Received a gift from Okawaru
 43418 | Depths:1 | 43418 ||| INVOKING Heroism.
 43458 | Depths:1 | 43458 ||| INVOKING Heroism.
 43509 | Depths:1 | 43509 ||| INVOKING Heroism.
 43510 | Depths:1 | 43510 ||| INVOKING Finesse.
 43593 | Depths:1 | Identified the +1 chain mail of Tejameal {Drain +Inv rElec
                  | Regen+}
 43616 | Depths:1 | 43616 ||| Stepping ~*~*~tactically~*~*~ (stealth).
 43619 | Depths:1 | 43619 ||| INVOKING Heroism.
 43620 | Depths:1 | 43620 ||| INVOKING Finesse.
 43626 | Depths:1 | Received a gift from Okawaru
 43820 | Depths:1 | Reached skill level 9 in Throwing
 43841 | Depths:1 | Found a gateway to Hell.
 43941 | Depths:1 | Found a one-way gateway to a ziggurat.
 43967 | Depths:1 | 43967 ||| INVOKING Heroism.
 43971 | Depths:1 | 43971 ||| INVOKING Finesse.
 43988 | Depths:1 | Received a gift from Okawaru
 44059 | Depths:1 | Found a one-way gate to the infinite horrors of the Abyss.
 44211 | Depths:1 | 44211 ||| INVOKING Heroism.
 44212 | Depths:1 | 44212 ||| INVOKING Finesse.
 44284 | Depths:1 | 44284 ||| DROPPING +1 chain mail of Tejameal {Drain +Inv
                  | rElec Regen+}.
 44285 | Depths:1 | 44285 ||| DROPPING scarf of harm.
 44286 | Depths:1 | 44286 ||| DROPPING ring of fire.
 44293 | Depths:1 | Identified the +5 trident of Greed {vorpal, *Rage rN++}
 44293 | Depths:1 | Identified the ring "Orhafres" {rF+ Will+ rCorr}
 44294 | Depths:1 | 44294 ||| INVOKING Heroism.
 44389 | Depths:2 | 44389 ||| Stepping ~*~*~tactically~*~*~ (hiding).
 44482 | Depths:2 | 44482 ||| Stepping ~*~*~tactically~*~*~ (hiding).
 44484 | Depths:2 | 44484 ||| Stepping ~*~*~tactically~*~*~ (hiding).
 44486 | Depths:2 | 44486 ||| INVOKING Heroism.
 44582 | Depths:2 | 44582 ||| INVOKING Heroism.
 44602 | Depths:2 | Found a white marble altar of Elyvilon.
 44629 | Depths:2 | Received a gift from Okawaru
 44639 | Depths:2 | 44639 ||| Stepping ~*~*~tactically~*~*~ (cloud).
 44900 | Depths:2 | Found a one-way gate leading to the halls of Pandemonium.
 45036 | Depths:2 | 45036 ||| Stepping ~*~*~tactically~*~*~ (stealth).
 45109 | Depths:2 | 45109 ||| Stepping ~*~*~tactically~*~*~ (stealth).
 45110 | Depths:2 | 45110 ||| Stepping ~*~*~tactically~*~*~ (stealth).
 45116 | Depths:2 | 45116 ||| Stepping ~*~*~tactically~*~*~ (stealth).
 45419 | Depths:2 | 45419 ||| INVOKING Heroism.
 45444 | Depths:2 | Received a gift from Okawaru
 45479 | Depths:2 | 45479 ||| INVOKING Heroism.
 45480 | Depths:2 | 45480 ||| INVOKING Finesse.
 45543 | Depths:2 | 45543 ||| READING scroll of enchant weapon.
 45543 | Depths:2 | 45543 ||| ENCHANTING +2 vampiric broad axe.
 45627 | Depths:2 | 45627 ||| INVOKING Heroism.
 45640 | Depths:2 | Received a gift from Okawaru
 45663 | Depths:2 | 45663 ||| Stepping ~*~*~tactically~*~*~ (stealth).
 45664 | Depths:2 | 45664 ||| Stepping ~*~*~tactically~*~*~ (stealth).
 45679 | Depths:2 | 45679 ||| Stepping ~*~*~tactically~*~*~ (hiding).
 45682 | Depths:2 | 45682 ||| INVOKING Finesse.
 45702 | Depths:2 | Reached skill level 18 in Armour
 45759 | Depths:2 | 45759 ||| Stepping ~*~*~tactically~*~*~ (stealth).
 45761 | Depths:2 | 45761 ||| Stepping ~*~*~tactically~*~*~ (hiding).
 45937 | Depths:3 | Noticed Parghit
 45938 | Depths:3 | 45938 ||| INVOKING Heroism.
 45947 | Depths:3 | 45947 ||| INVOKING Finesse.
 45949 | Depths:3 | Received a gift from Okawaru
 45992 | Depths:3 | 45992 ||| INVOKING Heroism.
 46028 | Depths:3 | 46028 ||| INVOKING Heroism.
 46047 | Depths:3 | 46047 ||| Stepping ~*~*~tactically~*~*~ (hiding).
 46102 | Depths:3 | 46102 ||| INVOKING Heroism.
 46150 | Depths:3 | 46150 ||| INVOKING Heroism.
 46206 | Depths:3 | 46206 ||| INVOKING Heroism.
 46263 | Depths:3 | 46263 ||| INVOKING Heroism.
 46280 | Depths:3 | 46280 ||| INVOKING Heroism.
 46350 | Depths:3 | 46350 ||| INVOKING Heroism.
 46390 | Depths:3 | 46390 ||| INVOKING Heroism.
 46438 | Depths:3 | 46438 ||| INVOKING Heroism.
 46521 | Depths:3 | 46521 ||| INVOKING Heroism.
 46591 | Depths:3 | 46591 ||| INVOKING Heroism.
 46651 | Depths:3 | 46651 ||| INVOKING Heroism.
 46680 | Depths:3 | 46680 ||| INVOKING Heroism.
 46728 | Depths:3 | 46728 ||| INVOKING Heroism.
 46790 | Depths:3 | 46790 ||| INVOKING Heroism.
 46841 | Depths:3 | 46841 ||| INVOKING Heroism.
 46921 | Depths:3 | 46921 ||| INVOKING Heroism.
 46988 | Depths:3 | 46988 ||| INVOKING Heroism.
 47061 | Depths:3 | 47061 ||| INVOKING Heroism.
 47115 | Depths:3 | 47115 ||| INVOKING Heroism.
 47182 | Depths:3 | 47182 ||| INVOKING Heroism.
 47240 | Depths:3 | 47240 ||| INVOKING Heroism.
 47308 | Depths:3 | 47308 ||| INVOKING Heroism.
 47396 | Depths:3 | 47396 ||| INVOKING Heroism.
 47430 | Depths:3 | 47430 ||| INVOKING Heroism.
 47484 | Depths:3 | 47484 ||| INVOKING Heroism.
 47540 | Depths:3 | 47540 ||| INVOKING Heroism.
 47616 | Depths:3 | 47616 ||| INVOKING Heroism.
 47698 | Depths:3 | 47698 ||| INVOKING Heroism.
 47742 | Depths:3 | 47742 ||| INVOKING Heroism.
 47797 | Depths:3 | 47797 ||| INVOKING Heroism.
 47862 | Depths:3 | 47862 ||| INVOKING Heroism.
 47906 | Depths:3 | 47906 ||| INVOKING Heroism.
 47940 | Depths:3 | 47940 ||| INVOKING Heroism.
 48018 | Depths:3 | 48018 ||| INVOKING Heroism.
 48071 | Depths:3 | 48071 ||| INVOKING Heroism.
 48090 | Depths:3 | 48090 ||| INVOKING Heroism.
 48150 | Depths:3 | 48150 ||| INVOKING Heroism.
 48207 | Depths:3 | 48207 ||| INVOKING Heroism.
 48295 | Depths:3 | 48295 ||| INVOKING Heroism.
 48332 | Depths:3 | 48332 ||| INVOKING Heroism.
 48352 | Depths:3 | 48352 ||| INVOKING Heroism.
 48388 | Depths:3 | 48388 ||| INVOKING Heroism.
 48416 | Depths:3 | 48416 ||| INVOKING Heroism.
 48449 | Depths:3 | 48449 ||| INVOKING Heroism.
 48489 | Depths:3 | 48489 ||| INVOKING Heroism.
 48550 | Depths:3 | 48550 ||| INVOKING Heroism.
 48604 | Depths:3 | 48604 ||| INVOKING Heroism.
 48634 | Depths:3 | 48634 ||| INVOKING Heroism.
 48668 | Depths:3 | 48668 ||| INVOKING Heroism.
 48731 | Depths:3 | 48731 ||| INVOKING Heroism.
 48931 | Depths:3 | HP: 35/142 [Parghit (23)]
 48932 | Depths:3 | 48932 ||| READING 4 scrolls of teleportation.
 49052 | Depths:3 | HP: 32/142 [Parghit (18)]
 49053 | Depths:3 | 49053 ||| READING 3 scrolls of teleportation.
 49054 | Depths:3 | 49054 ||| DRINKING 13 potions of heal wounds.
 49075 | Depths:3 | 49075 ||| INVOKING Heroism.
 49119 | Depths:3 | Reached XP level 22. HP: 148/148 MP: 29/29
 49152 | Depths:3 | Identified the +5 rapier "Gargoyle's Peril" {drain, Fly
                  | rPois Str+3}
 49187 | Depths:3 | Noticed a golden dragon
 49188 | Depths:3 | 49188 ||| INVOKING Heroism.
 49199 | Depths:3 | Paralysed by a floating eye for 4 turns
 49203 | Depths:3 | HP: 31/149 [fire dragon (9)]
 49204 | Depths:3 | 49204 ||| READING 4 scrolls of teleportation.
 49204 | Depths:3 | HP: 11/149 [fire dragon/blast of flame (15)]
 49205 | Depths:3 | 49205 ||| DRINKING 12 potions of heal wounds.
 49206 | Depths:3 | 49206 ||| DRINKING 11 potions of heal wounds.
 49251 | Depths:3 | 49251 ||| INVOKING Heroism.
 49254 | Depths:3 | Paralysed by a floating eye for 3 turns
 49260 | Depths:3 | Killed a golden dragon
 49275 | Depths:3 | 49275 ||| INVOKING Heroism.
 49331 | Depths:3 | 49331 ||| INVOKING Heroism.
 49505 | Depths:3 | 49505 ||| INVOKING Heroism.
 49533 | Depths:3 | Found a transporter.
 49551 | Depths:3 | 49551 ||| Stepping ~*~*~tactically~*~*~ (stealth).
 49552 | Depths:3 | 49552 ||| INVOKING Heroism.
 49576 | Depths:3 | 49576 ||| INVOKING Heroism.
 49619 | Depths:3 | 49619 ||| INVOKING Heroism.
 49659 | Depths:3 | 49659 ||| INVOKING Heroism.
 49708 | Depths:3 | 49708 ||| INVOKING Heroism.
 49740 | Depths:3 | 49740 ||| INVOKING Heroism.
 49782 | Depths:3 | 49782 ||| INVOKING Heroism.
 49842 | Depths:3 | 49842 ||| INVOKING Heroism.
 49897 | Depths:3 | 49897 ||| INVOKING Heroism.
 49981 | Depths:3 | 49981 ||| INVOKING Heroism.
 50019 | Depths:3 | 50019 ||| INVOKING Heroism.
 50073 | Depths:3 | 50073 ||| INVOKING Heroism.
 50133 | Depths:3 | 50133 ||| INVOKING Heroism.
 50169 | Depths:3 | 50169 ||| INVOKING Heroism.
 50235 | Depths:3 | 50235 ||| INVOKING Heroism.
 50256 | Depths:3 | 50256 ||| INVOKING Heroism.
 50295 | Depths:3 | 50295 ||| INVOKING Heroism.
 50378 | Depths:3 | 50378 ||| INVOKING Heroism.
 50403 | Depths:3 | 50403 ||| INVOKING Heroism.
 50454 | Depths:3 | 50454 ||| INVOKING Heroism.
 50488 | Depths:3 | 50488 ||| INVOKING Heroism.
 50529 | Depths:3 | 50529 ||| INVOKING Heroism.
 50614 | Depths:3 | 50614 ||| INVOKING Heroism.
 50689 | Depths:3 | 50689 ||| INVOKING Heroism.
 50759 | Depths:3 | 50759 ||| INVOKING Heroism.
 50831 | Depths:3 | 50831 ||| INVOKING Heroism.
 50875 | Depths:3 | 50875 ||| INVOKING Heroism.
 50919 | Depths:3 | 50919 ||| INVOKING Heroism.
 51079 | Depths:3 | HP: 30/149 [Parghit (19)]
 51080 | Depths:3 | 51080 ||| READING 6 scrolls of teleportation.
 51081 | Depths:3 | 51081 ||| DRINKING 10 potions of heal wounds.
 51083 | Depths:3 | 51083 ||| DRINKING 9 potions of heal wounds.
 51156 | Depths:3 | 51156 ||| READING scroll of acquirement.
 51156 | Depths:3 | 51156 ||| ACQUIRING 1307 gold pieces
 51156 | Depths:3 | Acquired 1307 gold pieces
 51283 | Depths:3 | 51283 ||| Stepping ~*~*~tactically~*~*~ (cloud).
 51292 | Depths:3 | 51292 ||| INVOKING Heroism.
 51357 | Depths:3 | 51357 ||| INVOKING Heroism.
 51387 | Depths:3 | 51387 ||| INVOKING Heroism.
 51428 | Depths:3 | 51428 ||| INVOKING Heroism.
 52114 | Depths:3 | HP: 36/149 [Parghit (26)]
 52115 | Depths:3 | 52115 ||| READING 5 scrolls of teleportation.
 52119 | Depths:3 | 52119 ||| DRINKING 8 potions of heal wounds.
 52251 | Depths:3 | Found a transporter.
 52252 | Depths:3 | Noticed a juggernaut
 52254 | Depths:3 | Noticed Qiwept's ghost (veteran BaIE)
 52256 | Depths:3 | Noticed a juggernaut
 52257 | Depths:3 | Found a bloodstained altar of Trog.
 52331 | Depths:3 | 52331 ||| FLEEEEING.
 52496 | Depths:3 | HP: 37/149 [Parghit (22)]
 52497 | Depths:3 | 52497 ||| READING 4 scrolls of teleportation.
 52500 | Depths:3 | 52500 ||| DRINKING 7 potions of heal wounds.
 52501 | Depths:3 | 52501 ||| FLEEEEING.
 52502 | Depths:3 | 52502 ||| FLEEEEING.
 52503 | Depths:3 | 52503 ||| FLEEEEING.
 52504 | Depths:3 | 52504 ||| FLEEEEING.
 52505 | Depths:3 | 52505 ||| FLEEEEING.
 52506 | Depths:3 | 52506 ||| STAIRDANCE
 52706 | Depths:3 | HP: 32/149 [Parghit (23)]
 52707 | Depths:3 | 52707 ||| READING 3 scrolls of teleportation.
 52708 | Depths:3 | 52708 ||| DRINKING 6 potions of heal wounds.
 53168 | Depths:3 | HP: 37/149 [Parghit (17)]
 53169 | Depths:3 | 53169 ||| READING 2 scrolls of teleportation.
 53170 | Depths:3 | 53170 ||| DRINKING 5 potions of heal wounds.
 53266 | Depths:4 | Entered Level 4 of the Depths
 53294 | Depths:4 | Found Hastiff's Jewellery Shop.
 53294 | Depths:4 | Found Rojo's Book Shoppe.
 53296 | Depths:4 | 53296 ||| Stepping ~*~*~tactically~*~*~ (hiding).
 53314 | Depths:4 | Found Fuim's Jewellery Shop.
 53320 | Depths:4 | 53320 ||| BUYING ring "Ishruefa" {rF+++ rCorr MP+9 Dex+5
                  | Slay-4} (1287 gold).
 53320 | Depths:4 | Bought the ring "Ishruefa" {rF+++ rCorr MP+9 Dex+5 Slay-4}
                  | for 1287 gold pieces
 53320 | Depths:4 | 53320 ||| BUYING ring of New Discoveries {Wiz rCorr Str+2}
                  | (982 gold).
 53320 | Depths:4 | Bought the ring of New Discoveries {Wiz rCorr Str+2} for
                  | 982 gold pieces
 53446 | Depths:4 | 53446 ||| INVOKING Heroism.
 53447 | Depths:4 | Noticed a golden dragon
 53472 | Depths:4 | Noticed a golden dragon
 53475 | Depths:4 | Killed a golden dragon
 53486 | Depths:4 | Killed a golden dragon
 53507 | Depths:4 | 53507 ||| FLEEEEING.
 53512 | Depths:4 | 53512 ||| Stepping ~*~*~tactically~*~*~ (hiding).
 53513 | Depths:4 | 53513 ||| Stepping ~*~*~tactically~*~*~ (hiding).
 53531 | Depths:4 | 53531 ||| READING scroll of enchant armour.
 53531 | Depths:4 | 53531 ||| ENCHANTING +0 cloak of willpower.
 53543 | Depths:4 | 53543 ||| INVOKING Heroism.
 53559 | Depths:4 | 53559 ||| Stepping ~*~*~tactically~*~*~ (hiding).
 53580 | Depths:4 | Noticed a juggernaut
 53596 | Depths:4 | Reached skill level 19 in Armour
 53603 | Depths:4 | 53603 ||| INVOKING Heroism.
 53615 | Depths:4 | Killed a juggernaut
 53652 | Depths:4 | 53652 ||| INVOKING Heroism.
 53755 | Depths:4 | Found a gate to the Realm of Zot.
 53809 | Depths:4 | 53809 ||| Stepping ~*~*~tactically~*~*~ (hiding).
 53811 | Depths:4 | 53811 ||| Stepping ~*~*~tactically~*~*~ (hiding).
 53835 | Depths:4 | 53835 ||| Stepping ~*~*~tactically~*~*~ (stealth).
 53837 | Depths:4 | 53837 ||| Stepping ~*~*~tactically~*~*~ (hiding).
 53851 | Depths:4 | 53851 ||| Stepping ~*~*~tactically~*~*~ (hiding).
 53855 | Depths:4 | 53855 ||| Stepping ~*~*~tactically~*~*~ (hiding).
 53960 | Depths:4 | 53960 ||| Stepping ~*~*~tactically~*~*~ (hiding).
 53962 | Depths:4 | 53962 ||| Stepping ~*~*~tactically~*~*~ (hiding).
 53966 | Depths:4 | 53966 ||| INVOKING Heroism.
 53991 | Depths:4 | 53991 ||| INVOKING Heroism.
 54087 | Depths:4 | Found Oprejape's CLEARANCE SALE!.
 54095 | Depths:4 | 54095 ||| BUYING potion of heal wounds (15 gold).
 54095 | Depths:4 | Bought a potion of heal wounds for 15 gold pieces
 54238 | Depths:4 | 54238 ||| INVOKING Heroism.
 54313 | Depths:4 | Identified the +1 chain mail of Incorporation {rF+ Will-
                  | Stlth+}
 54557 | Depths:4 | 54557 ||| PLANNING VAULTS:5
 54557 | Depths:4 | 54557 ||| DROPPING +1 cloak.
 54558 | Depths:4 | 54558 ||| DROPPING +0 fire dragon scales.
 54559 | Depths:4 | 54559 ||| DROPPING +0 ice dragon scales.
 54560 | Depths:4 | 54560 ||| DROPPING +2 chain mail of fire resistance.
 54561 | Depths:4 | 54561 ||| UPGRADING to +0 gold dragon scales.
 54571 | Depths:4 | 54571 ||| DROPPING +3 plate armour.
 54572 | Depths:4 | 54572 ||| DROPPING +1 chain mail of Incorporation {rF+
                  | Will- Stlth+}.
 54573 | Depths:4 | 54573 ||| DROPPING ring of resist corrosion.
 54906 | Vaults:5 | Entered Level 5 of the Vaults
 54907 | Vaults:5 | 54907 ||| INVOKING Heroism.
 54908 | Vaults:5 | 54908 ||| STAIRDANCE
 54926 | Vaults:5 | 54926 ||| STAIRDANCE
 54926 | Vaults:5 | Identified the ring of Janweor {+Blink rF+ Str+4 Int+3
                  | Slay+4}
 54949 | Vaults:5 | 54949 ||| STAIRDANCE
 54970 | Vaults:5 | 54970 ||| STAIRDANCE
 54970 | Vaults:5 | Noticed a golden dragon
 54975 | Vaults:4 | Received a gift from Okawaru
 54977 | Vaults:4 | 54977 ||| INVOKING Heroism.
 54980 | Vaults:4 | Reached XP level 23. HP: 156/156 MP: 27/30
 55010 | Vaults:4 | 55010 ||| DROPPING ring of protection from cold.
 55018 | Vaults:5 | 55018 ||| STAIRDANCE
 55024 | Vaults:4 | 55024 ||| INVOKING Heroism.
 55031 | Vaults:4 | Reached skill level 20 in Armour
 55052 | Vaults:5 | 55052 ||| INVOKING Heroism.
 55054 | Vaults:5 | Noticed a dread lich
 55067 | Vaults:5 | 55067 ||| STAIRDANCE
 55076 | Vaults:4 | 55076 ||| INVOKING Finesse.
 55094 | Vaults:4 | Killed a golden dragon
 55112 | Vaults:4 | 55112 ||| READING scroll of acquirement.
 55112 | Vaults:4 | 55112 ||| ACQUIRING 665 gold pieces
 55112 | Vaults:4 | Acquired 665 gold pieces
 55119 | Vaults:5 | 55119 ||| STAIRDANCE
 55120 | Vaults:5 | 55120 ||| INVOKING Heroism.
 55121 | Vaults:5 | 55121 ||| INVOKING Finesse.
 55131 | Vaults:5 | Noticed Mennas
 55140 | Vaults:5 | Reached skill level 21 in Armour
 55146 | Vaults:5 | Paralysed by a dread lich for 2 turns
 55148 | Vaults:5 | Noticed a dread lich
 55155 | Vaults:5 | Killed a dread lich
 55166 | Vaults:5 | Identified the +5 scimitar "Xolopnex" {protect, rC+}
 55236 | Vaults:5 | 55236 ||| DRINKING 7 potions of cancellation.
 55251 | Vaults:5 | Killed a dread lich
 55251 | Vaults:5 | Received a gift from Okawaru
 55255 | Vaults:5 | 55255 ||| INVOKING Heroism.
 55255 | Vaults:5 | HP: 31/156 [tengu reaver/bolt of acid (41)]
 55255 | Vaults:5 | Noticed a golden dragon
 55256 | Vaults:5 | 55256 ||| READING scroll of teleportation.
 55256 | Vaults:5 | Killed from afar by a tengu reaver

Levels and vault maps discovered:
D:1:      pf_arrival_petrified_forest, layout_loops_cross, serial_forest,
          infiniplex_forest_clump_double, infiniplex_forest_straight_2,
          infiniplex_forest_straight_2, infiniplex_forest_straight_3,
          infiniplex_forest_clump_curved, infiniplex_forest_lined_2,
          infiniplex_forest_3_way, infiniplex_forest_lined_2,
          infiniplex_forest_corner_1, infiniplex_forest_straight_4,
          minmay_stone_trees_small
D:2:      layout_basic
D:3:      layout_rooms, uniq_jessica
D:4:      layout_basic, st_stairs_1, chequers_serial_rivers_small_3
D:5:      minmay_chambers_of_fours, layout_gridville, minivault_25
D:6:      minmay_spotlight, layout_basic, serial_bayou_lake_a, uniq_maggie,
          uniq_crazy_yiuf_cottage, uniq_blork_the_orc, uniq_menkaure
D:7:      layout_cave_pools, nicolae_sif_muna_condensation,
          minmay_temple_entry_ruins, grunt_decor_resistance
D:8:      hellmonk_crumbling_castle, layout_loops_corners, lemuel_crystal_altar,
          nrook_mini_vaults
D:9:      minmay_bubble_buster, layout_gridville,
          grunt_temple_overflow_forces_of_nature, vehumet_statue,
          minmay_overflow_temple_hex, kennysheep_orc_monster_closet_entryway
D:10:     layout_basic, demons_altar, uniq_fannar
D:11:     gammafunk_beogh_shrine, layout_irregular_city, lair_entry_dummy,
          serial_rivers, chequers_serial_rivers_large_a,
          chequers_serial_rivers_room_b, chequers_serial_rivers_small_a,
          chequers_serial_rivers_micro_e, uniq_maurice, uniq_lodul, uniq_sonja
D:12:     layout_rooms, kb_lookout_dungeons_type, nemelex_lonely_heart_becter,
          uniq_urug, uniq_gastronok
D:13:     minmay_blocky_corners, layout_loops_cross, david_vaults_1,
          nicolae_shop_gadgets
D:14:     lemuel_flame_loot_2, layout_irregular_city, serial_shops,
          kennysheep_mini, kennysheep_mini_moat, shop
D:15:     gammafunk_enter_depths_forms, layout_cave_pools,
          ebering_ghost_funeral_grove, serial_park_square3
          [serial_park_minivault_5x5_7], grunt_decor_one_mirror
Temple:   chequers_temple_sunken
Lair:1:   layout_cave_shapes, minivault_19, eino_small_chamber_without_monster,
          minmay_hedge_maze, disabler_island
Lair:2:   layout_chaotic_city, minmay_swamp_entry_worms
Lair:3:   layout_regular_city, spider_nest_entry_web_field
Lair:4:   layout_gridlike, nicolae_slime_entry_slimehenge, lemuel_fruit_fields,
          uniq_snorg, uniq_rupert
Lair:5:   hangedman_lair_caniforms_friends, layout_regular_city
Swamp:1:  layout_basic_swamp, nicolae_swamp_feature_on_the_river_bank,
          uniq_louise
Swamp:2:  layout_basic_swamp, evilmike_swamp_ruin_rubble_2,
          nicolae_swamp_well_well_well
Swamp:3:  layout_basic_swamp, hangedman_swamp_lotus
Swamp:4:  swamp_icy, layout_basic_swamp, ebering_ghost_reflecting_pool,
          nicolae_swamp_godswood, infiniplex_staircase_pool
Spider:1: layout_spider_delve, hangedman_spider_tarantella_strand
Spider:2: layout_spider_delve
Spider:3: layout_spider_delve
Spider:4: spider_rune_water, uniq_arachne, uniq_aizul, uniq_nikola
Orc:1:    layout_caves, basic_altar, uniq_harold
Orc:2:    hellmonk_orc_salted, layout_caves, basic_altar,
          gammafunk_ghost_berserking_beasts
Vaults:1: ontoclasm_vaults_decontamination, ontoclasm_vaults_pinch,
          vaults_room_mumra_shop_pool, nicolae_vaults_fighting_squares,
          ontoclasm_vaults_ligature, v_rooms_5, nicolae_vaults_network_star,
          vaults_room_stairs_pillars, hangedman_vaults_stagger,
          ontoclasm_vaults_misaligned, ontoclasm_vaults_loading_screen,
          nicolae_vaults_little_squares_2, layout_vaults_omnibox, serial_shops,
          shop
Vaults:2: nicolae_vaults_border_crossing, hangedman_vaults_maws,
          v_alt_pattern_1, vaults_standard_mumra_x, nicolae_vaults_angled_halls,
          nicolae_vaults_ninety_degrees, gammafunk_the_bubble
          [the_bubble_gammafunk_crates], v_misc_31, hangedman_vaults_cutoff,
          layout_vaults_omnigrid, serial_shops, freezing_bzr, uniq_sojobo
Vaults:3: vaults_room_door_ring, vaults_dpeg_ring, v_misc_33, v_misc_14,
          nicolae_vaults_theta, st_cross, nicolae_vaults_diagonal_hallway_6,
          v_misc_30, minmay_crypt_entry_vampire_xt, vaults_room_pool, v_misc_19,
          layout_vaults_big_room, serial_shops, nicolae_shop_advertising_works
          [nicolae_subvault_shop_adworks], nicolae_trove_entry_path_of_doom
Vaults:4: v_misc_18, v_misc_11, st_more_cells, nicolae_vaults_circle_grid_b,
          v_misc_2, hangedman_vaults_impose, vaults_room_ringed_pool,
          nicolae_vaults_little_squares_6, vaults_room_stairs_pillars,
          vaults_dpeg_diagonal, layout_vaults_ring, serial_shops,
          nicolae_shop_window_shopping, nicolae_square_shop, shop
Vaults:5: uniq_mennas
Depths:1: layout_big_octagon, enter_ziggurat_a, chequers_jeans, pf_coc_iceberg,
          abyss_entry, minmay_swirly_circle
Depths:2: four-leaf_vault, layout_gridlike, nicolae_elyvilon_peaceful_grove,
          minmay_room_of_horrors, serial_aquarium, aquarium_bridge_straight
          [aquarium_subvault_bridge, aquarium_subvault_balcony,
          aquarium_subvault_bridge, aquarium_subvault_wall], aquarium_window_1,
          aquarium_window_1, aquarium_window_3, aquarium_window_1,
          aquarium_view_2f, aquarium_view_2e, aquarium_balcony_double_1,
          aquarium_pool_2, rand_demon_pan_entry_4, hell_entry
Depths:3: hangedman_arch_fort, layout_cave_pools, grunt_mini_vestibule,
          gammafunk_ghost_wrathful_warriors, abyss_entry,
          infiniplex_staircase_pool_lava, uniq_parghit
Depths:4: evilmike_zot_entry_diamond, layout_gridlike, hellmouth_3,
          nicolae_shop_clearance, serial_bayou_shore_b, minmay_shop_grove

Skill      XL: |  1  2  3  4  5  6  7  8  9 10 11 12 13 14 15 16 17 18 19 20 21 22 23 |
---------------+----------------------------------------------------------------------+-----
Axes           | 2 3 4 5 6 7 8 9 11 12 14 15 16 17 18 | 18.0
Fighting       | 4 5 6 7 8 9 10 11 12 13 14 16 17 18 19 20 | 20.0
Dodging        | 1 2 3 5 6 7 9 10 11 | 11.0
Throwing       | 1 2 4 5 6 7 8 10 11 | 11.2
Armour         | 4 5 7 8 9 10 11 12 13 14 15 17 18 19 21 | 21.4
Shields        | 5 8 10 11 12 13 15 17 18 19 20 | 20.5
Invocations    | 1 4 7 10 | 10.1

Action                   |  1- 3 |  4- 6 |  7- 9 | 10-12 | 13-15 | 16-18 | 19-21 | 22-24 || total
-------------------------+-------+-------+-------+-------+-------+-------+-------+-------++-------
Melee: War axe           |   116 |    43 |   137 |   455 |    76 |       |       |       ||   827
       Morningstar       |       |       |       |     3 |    12 |       |       |       ||    15
       Broad axe         |       |       |       |       |   738 |  1246 |  4582 |  3775 || 10341
       Demon whip        |       |       |       |       |    18 |     4 |       |       ||    22
       Eveningstar       |       |       |       |       |       |    36 |       |       ||    36
Throw: Boomerang         |       |    29 |    47 |    73 |   123 |   105 |   124 |    24 ||   525
       Javelin           |       |       |       |       |    42 |   119 |    31 |    26 ||   218
Invok: Heroism           |       |       |       |    29 |    46 |    52 |    93 |    50 ||   270
       Finesse           |       |       |       |     3 |    13 |    15 |    18 |     2 ||    51
  Use: Scroll            |     2 |    16 |     5 |     6 |     9 |    10 |     4 |    10 ||    62
       Potion            |       |     3 |       |     5 |     1 |     4 |     1 |     9 ||    23
 Stab: Distracted        |       |       |     1 |     4 |     1 |     1 |     1 |       ||     8
       Paralysed         |       |       |       |       |       |       |     1 |       ||     1
Armor: Scale mail        |    43 |     7 |       |       |       |       |       |       ||    50
       Chain mail        |       |    11 |    55 |       |       |       |       |       ||    66
       Plate armour      |       |       |       |   198 |   476 |   589 |  1671 |  1722 ||  4656
       Gold dragon scale |       |       |       |       |       |       |       |   269 ||   269
Dodge: Dodged            |    53 |     9 |    28 |   110 |   227 |   536 |  1863 |  1796 ||  4622
Block: Buckler           |    25 |     7 |    15 |    39 |       |       |       |       ||    86
       Kite shield       |       |       |       |    84 |   475 |   166 |       |       ||   725
       Tower shield      |       |       |       |       |       |  1088 |  4997 |  4657 || 10742

Table legend:
 A = Non-vault XP
 B = Vault XP
 C = Vault XP percentage of total XP
 D = Non-vault monster count
 E = Vault monster count
 F = Vault count percentage of total count
                 A         B        C        D         E       F
            +---------+---------+-------+---------+---------+-------
      Total |  449644 |  334501 |  42.7 |    1063 |     527 |  33.1
            +---------+---------+-------+---------+---------+-------
        D:1 |      25 |       0 |   0.0 |      14 |       0 |   0.0
        D:2 |     122 |       0 |   0.0 |      20 |       0 |   0.0
        D:3 |      30 |      37 |  55.2 |      14 |       1 |   6.7
        D:4 |     185 |       5 |   2.6 |      14 |       3 |  17.6
        D:5 |     877 |     567 |  39.3 |      21 |       6 |  22.2
        D:6 |     742 |     939 |  55.9 |      21 |       6 |  22.2
        D:7 |    1090 |       0 |   0.0 |      19 |       0 |   0.0
        D:8 |    2631 |       0 |   0.0 |      34 |       0 |   0.0
        D:9 |    1626 |    3676 |  69.3 |      24 |      37 |  60.7
       D:10 |     738 |    1297 |  63.7 |      17 |       2 |  10.5
       D:11 |    2300 |    2959 |  56.3 |      12 |      11 |  47.8
       D:12 |    7109 |    2376 |  25.1 |      15 |       3 |  16.7
       D:13 |    5270 |    7035 |  57.2 |      18 |      11 |  37.9
       D:14 |   15926 |       0 |   0.0 |      31 |       0 |   0.0
       D:15 |   13167 |    8335 |  38.8 |      29 |      13 |  31.0
     Lair:1 |    4393 |     358 |   7.5 |      23 |       4 |  14.8
     Lair:2 |    2629 |     170 |   6.1 |      10 |       1 |   9.1
     Lair:3 |   10877 |       0 |   0.0 |      28 |       0 |   0.0
     Lair:4 |    6852 |    2953 |  30.1 |      25 |       9 |  26.5
     Lair:5 |   15156 |   10396 |  40.7 |      42 |      56 |  57.1
    Swamp:1 |    8263 |    1194 |  12.6 |      18 |       1 |   5.3
    Swamp:2 |   11578 |       0 |   0.0 |      22 |       0 |   0.0
    Swamp:3 |   16567 |       0 |   0.0 |      30 |       0 |   0.0
    Swamp:4 |   12067 |    8348 |  40.9 |      20 |      30 |  60.0
   Spider:1 |   15037 |     283 |   1.8 |      37 |       1 |   2.6
   Spider:2 |   28947 |       0 |   0.0 |      71 |       0 |   0.0
   Spider:3 |   21561 |       0 |   0.0 |      43 |       0 |   0.0
   Spider:4 |   21811 |   23091 |  51.4 |      51 |      38 |  42.7
      Orc:1 |    1594 |     873 |  35.4 |      16 |       1 |   5.9
      Orc:2 |    2067 |   11448 |  84.7 |      31 |      32 |  50.8
   Vaults:1 |    9833 |   25911 |  72.5 |      18 |      38 |  67.9
   Vaults:2 |   26368 |   22866 |  46.4 |      37 |      22 |  37.3
   Vaults:3 |   30778 |   15659 |  33.7 |      51 |      21 |  29.2
   Vaults:4 |   48541 |   42172 |  46.5 |      63 |      44 |  41.1
   Vaults:5 |    7278 |   47759 |  86.8 |      11 |      35 |  76.1
   Depths:1 |   17976 |   19412 |  51.9 |      21 |      15 |  41.7
   Depths:2 |   17451 |   23232 |  57.1 |      21 |      36 |  63.2
   Depths:3 |   22782 |   27684 |  54.9 |      30 |      25 |  45.5
   Depths:4 |   37400 |   23466 |  38.6 |      41 |      25 |  37.9
            +---------+---------+-------+---------+---------+-------
